Workbook

Sheet Guidance
B2: Guidance - financial templates for business planning
B3: These templates are no substitute for consulting an accountant or another professional with financial experience, however they should allow you to easily create a set of projected financial statements, both to include in the Business Plan and to help you model the effect of different changes, for example reduced customer spend or increased salary costs (sensitivity analysis). Once the sheets are populated with information relevant to your project - income streams, revenue expenditure, capital income and expenditure, assets and any financing - this tool will produce a balance sheet, profit and loss account and a projected cash flow. The accuracy of these projections will depend on the quality of the inputs you insert for your project (see 'Financial appraisal' section of the guide), which should be drawn from market research and estimates/quotes.
B4: Charities (such as Building Preservation Trusts), companies and not-for-profit organisations all have different accounting rules and requirements. These templates to not adhere to a specific set of statutory requirements as they are purely for forecast purposes and should not be used to create statutory accounts.
B5: How to use these templates
B6: Whilst completing your Business Plan you should already have a strong set of evidence from which to complete these templates, such as information from market research and competitor analysis. Start by going through each tab in income and expenditure, adapting the information in the Green boxes as necessary. Often blank 'other' cells have been included to allow space for additional information. Guidance is provided in each tab to show the rationale behind the assumptions made, how the calculations work and additional information, such as on Gift Aid. Much of the spreadsheet is locked to protect the formulas. However, should you wish to edit, the password to unlock the spreadsheet is 'Plan'.
B7: This template covers ten years of operation, including year 0, which represents the year of capital works.
B8: Tax and VAT
B9: It is assumed in this example that the Trust , as a charity, does not pay corporation tax. The Trust has a trading subsidiary which will gift all surplus to the Trust, thereby allowing for income generation outside of the Trust's primary purpose. Brook Hall is VAT registered as it goes above the threshold (£70,000 for selling and £77,000 for acquisition), however all income and expenditure is listed net of VAT. To find out more, visit www.hmrc.gov.uk/charities/vat/ or for independent advice visit www.smarta.com/advice.
B10: Inflation and discounting
B11: Disounting is not applied within this spread sheet. If this is a requirement, it will need to be inserted manually. Inflation can be applied within the Income and Expenditure sheet and the Summary Cash flow, applying a single rate to expenditure. Any increases in income should be incorporated into pricing.
B12: Capital
B13: There are three tabs for capital; income, expenditure and a summary, which will show whether there is a capital surplus or deficit. Capital income and expenditure is broken down quarterly.
... B23: Cells that are light yellow can be overwritten, but do contain formulae.

Sheet Income and expenditure
B2: Income and expenditure
B3: Like the balance sheet, the income and expenditure account (also called the Profit and Loss) is not purely based on movement of cash. It looks very similar to the cashflow, however it incorporates non-cash items such as depreciation (instead of loan repayments in the cash flow) to show the overall performance of the business over a given period. The P&L starts in year one, as there were no sales made in year 0.
B5: Net and gross profit
B6: A statement of Profit and Loss usually divides all costs into direct costs (those related specifically to activities which generate income, for example food purchases in order to sell sandwiches) and indirect costs (usually non specific overheads, such as insurance, depreciation and so on). This then allows for two calculations of profit, gross profit, which is income less direct costs, and net profit, which is income less direct and indirect costs. In this model direct and indirect costs are not split in order to keep the model simple. The direct costs of the cafe and shop (purchases of food and supplies) are hidden in this statement as the figures for those income streams already represent the profit margin, rather than total income.
B8: Income and expenditure (profit and loss)
B9: Year | C9: Year zero | D9: Year one | E9: Year two | F9: Year three | G9: Year four | H9: Year five | I9: Year six | J9: Year seven | K9: Year eight | L9: Year nine | M9: Year ten
B11: Reciepts
B12: Capital income | C12: ='Capital income'!E39*100 -> 0 | D12: ='Capital income'!J39*100 -> 0 | E12: ='Capital income'!O39*100 -> 0 | F12: ='Capital income'!T39*100 -> 0 | G12: ='Capital income'!Y39*100 -> 0 | H12: ='Capital income'!AD39*100 -> 0
B13: ='Summary cash flow'!B11 -> Grant funding (revenue) | C13: ='Grant funding'!C9 -> 0 | D13: ='Grant funding'!D9 -> 0 | E13: ='Grant funding'!E9 -> 0 | F13: ='Grant funding'!F9 -> 0 | G13: ='Grant funding'!G9 -> 0 | H13: ='Grant funding'!H9 -> 0 | I13: ='Grant funding'!I9 -> 0 | J13: ='Grant funding'!J9 -> 0 | ... M13: ='Grant funding'!M9 -> 0 | N13: See 'Grant funding'
B14: ='Summary cash flow'!B13 -> Heritage attraction | C14: ='Heritage attraction'!C6 -> 0 | D14: ='Heritage attraction'!D6 -> 0 | E14: ='Heritage attraction'!E6 -> 0 | F14: ='Heritage attraction'!F6 -> 0 | G14: ='Heritage attraction'!G6 -> 0 | H14: ='Heritage attraction'!H6 -> 0 | I14: ='Heritage attraction'!I6 -> 0 | J14: ='Heritage attraction'!J6 -> 0 | ... M14: ='Heritage attraction'!M6 -> 0 | N14: See 'Visitors'
B15: ='Summary cash flow'!B14 -> Rental of outbuildings | C15: ='Rental income'!C10 -> 0 | D15: ='Rental income'!D10 -> 0 | E15: ='Rental income'!E10 -> 0 | F15: ='Rental income'!F10 -> 0 | G15: ='Rental income'!G10 -> 0 | H15: ='Rental income'!H10 -> 0 | I15: ='Rental income'!I10 -> 0 | J15: ='Rental income'!J10 -> 0 | ... M15: ='Rental income'!M10 -> 0 | N15: See 'Rental income'
B16: ='Summary cash flow'!B15 -> Rental of offices | C16: ='Rental income'!C21 -> 0 | D16: ='Rental income'!D21 -> 0 | E16: ='Rental income'!E21 -> 0 | F16: ='Rental income'!F21 -> 0 | G16: ='Rental income'!G21 -> 0 | H16: ='Rental income'!H21 -> 0 | I16: ='Rental income'!I21 -> 0 | J16: ='Rental income'!J21 -> 0 | ... M16: ='Rental income'!M21 -> 0 | N16: See 'Rental income'
B17: ='Summary cash flow'!B16 -> 0 | C17: ='Summary cash flow'!C16 -> 0 | D17: ='Summary cash flow'!D16 -> 0 | E17: ='Summary cash flow'!E16 -> 0 | F17: ='Summary cash flow'!F16 -> 0 | G17: ='Summary cash flow'!G16 -> 0 | H17: ='Summary cash flow'!H16 -> 0 | I17: ='Summary cash flow'!I16 -> 0 | ... M17: ='Summary cash flow'!M16 -> 0
B18: ='Summary cash flow'!B17 -> 0 | C18: ='Summary cash flow'!C17 -> 0 | D18: ='Summary cash flow'!D17 -> 0 | E18: ='Summary cash flow'!E17 -> 0 | F18: ='Summary cash flow'!F17 -> 0 | G18: ='Summary cash flow'!G17 -> 0 | H18: ='Summary cash flow'!H17 -> 0 | I18: ='Summary cash flow'!I17 -> 0 | ... M18: ='Summary cash flow'!M17 -> 0
B19: ='Summary cash flow'!B18 -> 0 | C19: ='Summary cash flow'!C18 -> 0 | D19: ='Summary cash flow'!D18 -> 0 | E19: ='Summary cash flow'!E18 -> 0 | F19: ='Summary cash flow'!F18 -> 0 | G19: ='Summary cash flow'!G18 -> 0 | H19: ='Summary cash flow'!H18 -> 0 | I19: ='Summary cash flow'!I18 -> 0 | ... M19: ='Summary cash flow'!M18 -> 0
B20: ='Summary cash flow'!B19 -> 0 | C20: ='Summary cash flow'!C19 -> 0 | D20: ='Summary cash flow'!D19 -> 0 | E20: ='Summary cash flow'!E19 -> 0 | F20: ='Summary cash flow'!F19 -> 0 | G20: ='Summary cash flow'!G19 -> 0 | H20: ='Summary cash flow'!H19 -> 0 | I20: ='Summary cash flow'!I19 -> 0 | ... M20: ='Summary cash flow'!M19 -> 0
B21: ='Summary cash flow'!B20 -> 0 | C21: ='Summary cash flow'!C20 -> 0 | D21: ='Summary cash flow'!D20 -> 0 | E21: ='Summary cash flow'!E20 -> 0 | F21: ='Summary cash flow'!F20 -> 0 | G21: ='Summary cash flow'!G20 -> 0 | H21: ='Summary cash flow'!H20 -> 0 | I21: ='Summary cash flow'!I20 -> 0 | ... M21: ='Summary cash flow'!M20 -> 0
B22: ='Summary cash flow'!B21 -> 0 | C22: ='Summary cash flow'!C21 -> 0 | D22: ='Summary cash flow'!D21 -> 0 | E22: ='Summary cash flow'!E21 -> 0 | F22: ='Summary cash flow'!F21 -> 0 | G22: ='Summary cash flow'!G21 -> 0 | H22: ='Summary cash flow'!H21 -> 0 | I22: ='Summary cash flow'!I21 -> 0 | ... M22: ='Summary cash flow'!M21 -> 0
B23: ='Summary cash flow'!B22 -> 0 | C23: ='Summary cash flow'!C22 -> 0 | D23: ='Summary cash flow'!D22 -> 0 | E23: ='Summary cash flow'!E22 -> 0 | F23: ='Summary cash flow'!F22 -> 0 | G23: ='Summary cash flow'!G22 -> 0 | H23: ='Summary cash flow'!H22 -> 0 | I23: ='Summary cash flow'!I22 -> 0 | ... M23: ='Summary cash flow'!M22 -> 0
B24: ='Summary cash flow'!B23 -> Café | D24: ='Café '!D16 -> 0 | E24: ='Café '!E16 -> 0 | F24: ='Café '!F16 -> 0 | G24: ='Café '!G16 -> 0 | H24: ='Café '!H16 -> 0 | I24: ='Café '!I16 -> 0 | J24: ='Café '!J16 -> 0 | K24: ='Café '!K16 -> 0 | ... M24: ='Café '!M16 -> 0 | N24: See 'Café'
B25: ='Summary cash flow'!B24 -> Service charges | D25: ='Café '!D38 -> 0 | E25: ='Café '!E38 -> 0 | F25: ='Café '!F38 -> 0 | G25: ='Café '!G38 -> 0 | H25: ='Café '!H38 -> 0 | I25: ='Café '!I38 -> 0 | J25: ='Café '!J38 -> 0 | K25: ='Café '!K38 -> 0 | ... M25: ='Café '!M38 -> 0 | N25: See 'Café'
B26: ='Summary cash flow'!B25 -> 0 | C26: ='Summary cash flow'!C25 -> 0 | D26: ='Café '!D39 -> 0 | E26: ='Café '!E39 -> 0 | F26: ='Café '!F39 -> 0 | G26: ='Café '!G39 -> 0 | H26: ='Café '!H39 -> 0 | I26: ='Café '!I39 -> 0 | J26: ='Café '!J39 -> 0 | K26: ='Café '!K39 -> 0 | ... M26: ='Café '!M39 -> 0
B27: ='Summary cash flow'!B26 -> 0 | C27: ='Summary cash flow'!C26 -> 0 | D27: ='Café '!D40 -> 0 | E27: ='Café '!E40 -> 0 | F27: ='Café '!F40 -> 0 | G27: ='Café '!G40 -> 0 | H27: ='Café '!H40 -> 0 | I27: ='Café '!I40 -> 0 | J27: ='Café '!J40 -> 0 | K27: ='Café '!K40 -> 0 | ... M27: ='Café '!M40 -> 0
B28: ='Summary cash flow'!B27 -> 0 | C28: ='Summary cash flow'!C27 -> 0 | D28: ='Café '!D41 -> 0 | E28: ='Café '!E41 -> 0 | F28: ='Café '!F41 -> 0 | G28: ='Café '!G41 -> 0 | H28: ='Café '!H41 -> 0 | I28: ='Café '!I41 -> 0 | J28: ='Café '!J41 -> 0 | K28: ='Café '!K41 -> 0 | ... M28: ='Café '!M41 -> 0
B29: ='Summary cash flow'!B28 -> 0 | C29: ='Summary cash flow'!C28 -> 0 | D29: ='Café '!D42 -> 0 | E29: ='Café '!E42 -> 0 | F29: ='Café '!F42 -> 0 | G29: ='Café '!G42 -> 0 | H29: ='Café '!H42 -> 0 | I29: ='Café '!I42 -> 0 | J29: ='Café '!J42 -> 0 | K29: ='Café '!K42 -> 0 | ... M29: ='Café '!M42 -> 0
B30: ='Summary cash flow'!B29 -> 0 | C30: ='Summary cash flow'!C29 -> 0 | D30: ='Café '!D43 -> 0 | E30: ='Café '!E43 -> 0 | F30: ='Café '!F43 -> 0 | G30: ='Café '!G43 -> 0 | H30: ='Café '!H43 -> 0 | I30: ='Café '!I43 -> 0 | J30: ='Café '!J43 -> 0 | K30: ='Café '!K43 -> 0 | ... M30: ='Café '!M43 -> 0
B31: ='Summary cash flow'!B30 -> 0 | C31: ='Summary cash flow'!C30 -> 0 | D31: ='Café '!D44 -> 0 | E31: ='Café '!E44 -> 0 | F31: ='Café '!F44 -> 0 | G31: ='Café '!G44 -> 0 | H31: ='Café '!H44 -> 0 | I31: ='Café '!I44 -> 0 | J31: ='Café '!J44 -> 0 | K31: ='Café '!K44 -> 0 | ... M31: ='Café '!M44 -> 0
B32: ='Summary cash flow'!B31 -> 0 | C32: ='Summary cash flow'!C31 -> 0 | D32: ='Café '!D45 -> 0 | E32: ='Café '!E45 -> 0 | F32: ='Café '!F45 -> 0 | G32: ='Café '!G45 -> 0 | H32: ='Café '!H45 -> 0 | I32: ='Café '!I45 -> 0 | J32: ='Café '!J45 -> 0 | K32: ='Café '!K45 -> 0 | ... M32: ='Café '!M45 -> 0
B33: ='Summary cash flow'!B32 -> Shop | C33: =Shop!C9 -> 0 | D33: =Shop!D9 -> 0 | E33: =Shop!E9 -> 0 | F33: =Shop!F9 -> 0 | G33: =Shop!G9 -> 0 | H33: =Shop!H9 -> 0 | I33: =Shop!I9 -> 0 | J33: =Shop!J9 -> 0 | ... M33: =Shop!M9 -> 0 | N33: See 'Shop'
B34: ='Summary cash flow'!B33 -> Events | C34: =Events!D12 -> 0 | D34: =Events!E12 -> 0 | E34: =Events!F12 -> 0 | F34: =Events!G12 -> 0 | G34: =Events!H12 -> 0 | H34: =Events!I12 -> 0 | I34: =Events!J12 -> 0 | J34: =Events!K12 -> 0 | ... M34: =Events!N12 -> 0 | N34: See 'Events'
B35: ='Summary cash flow'!B34 -> Donations | C35: =Donations!C12 -> 0 | D35: =Donations!D12 -> 0 | E35: =Donations!E12 -> 0 | F35: =Donations!F12 -> 0 | G35: =Donations!G12 -> 0 | H35: =Donations!H12 -> 0 | I35: =Donations!I12 -> 0 | J35: =Donations!J12 -> 0 | ... M35: =Donations!M12 -> 0 | N35: See 'Donations'
B36: ='Summary cash flow'!B35 -> Gift aid | C36: ='Gift aid'!C23 -> 0 | D36: ='Gift aid'!D23 -> 0 | E36: ='Gift aid'!E23 -> 0 | F36: ='Gift aid'!F23 -> 0 | G36: ='Gift aid'!G23 -> 0 | H36: ='Gift aid'!H23 -> 0 | I36: ='Gift aid'!I23 -> 0 | J36: ='Gift aid'!J23 -> 0 | ... M36: ='Gift aid'!M23 -> 0 | N36: See 'Gift Aid'
B37: ='Summary cash flow'!B36 -> Other
B38: ='Summary cash flow'!B37 -> Other
B40: Total income | C40: =SUM(C13:C38) -> 0 | D40: =SUM(D13:D38) -> 0 | E40: =SUM(E13:E38) -> 0 | F40: =SUM(F13:F38) -> 0 | G40: =SUM(G13:G38) -> 0 | H40: =SUM(H13:H38) -> 0 | I40: =SUM(I13:I38) -> 0 | J40: =SUM(J13:J38) -> 0 | ... M40: =SUM(M13:M38) -> 0
B42: Expenses
B43: Capital expenditure | C43: ='Capital expenditure'!E46*100 -> 0 | D43: ='Capital expenditure'!J46*100 -> 0 | E43: ='Capital expenditure'!O46*100 -> 0 | F43: ='Capital expenditure'!T46*100 -> 0 | G43: ='Capital expenditure'!Y46*100 -> 0 | H43: ='Capital expenditure'!AD46*100 -> 0
B44: Staff | C44: ='Staff expenditure'!C38 -> 0 | D44: ='Staff expenditure'!D38 -> 0 | E44: ='Staff expenditure'!E38 -> 0 | F44: ='Staff expenditure'!F38 -> 0 | G44: ='Staff expenditure'!G38 -> 0 | H44: ='Staff expenditure'!H38 -> 0 | I44: ='Staff expenditure'!I38 -> 0 | J44: ='Staff expenditure'!J38 -> 0 | ... M44: ='Staff expenditure'!M38 -> 0 | N44: See from 'Staff'
B45: =Overheads!B5 -> Utilities | C45: =Overheads!C5 -> 0 | D45: =Overheads!D5 -> 0 | E45: =Overheads!E5 -> 0 | F45: =Overheads!F5 -> 0 | G45: =Overheads!G5 -> 0 | H45: =Overheads!H5 -> 0 | I45: =Overheads!I5 -> 0 | ... M45: =Overheads!M5 -> 0 | N45: All information here has been moved automatically from the overheads sheet.
B46: =Overheads!B6 -> Insurance | C46: =Overheads!C6 -> 0 | D46: =Overheads!D6 -> 0 | E46: =Overheads!E6 -> 0 | F46: =Overheads!F6 -> 0 | G46: =Overheads!G6 -> 0 | H46: =Overheads!H6 -> 0 | I46: =Overheads!I6 -> 0 | ... M46: =Overheads!M6 -> 0
B47: =Overheads!B7 -> Publicity | C47: =Overheads!C7 -> 0 | D47: =Overheads!D7 -> 0 | E47: =Overheads!E7 -> 0 | F47: =Overheads!F7 -> 0 | G47: =Overheads!G7 -> 0 | H47: =Overheads!H7 -> 0 | I47: =Overheads!I7 -> 0 | ... M47: =Overheads!M7 -> 0
B48: =Overheads!B8 -> IT | C48: =Overheads!C8 -> 0 | D48: =Overheads!D8 -> 0 | E48: =Overheads!E8 -> 0 | F48: =Overheads!F8 -> 0 | G48: =Overheads!G8 -> 0 | H48: =Overheads!H8 -> 0 | I48: =Overheads!I8 -> 0 | ... M48: =Overheads!M8 -> 0
B49: =Overheads!B9 -> Legal and audit | C49: =Overheads!C9 -> 0 | D49: =Overheads!D9 -> 0 | E49: =Overheads!E9 -> 0 | F49: =Overheads!F9 -> 0 | G49: =Overheads!G9 -> 0 | H49: =Overheads!H9 -> 0 | I49: =Overheads!I9 -> 0 | ... M49: =Overheads!M9 -> 0
B50: =Overheads!B10 -> Website | C50: =Overheads!C10 -> 0 | D50: =Overheads!D10 -> 0 | E50: =Overheads!E10 -> 0 | F50: =Overheads!F10 -> 0 | G50: =Overheads!G10 -> 0 | H50: =Overheads!H10 -> 0 | I50: =Overheads!I10 -> 0 | ... M50: =Overheads!M10 -> 0
B51: =Overheads!B11 -> Maintenance of building and gardens | C51: =Overheads!C11 -> 0 | D51: =Overheads!D11 -> 0 | E51: =Overheads!E11 -> 0 | F51: =Overheads!F11 -> 0 | G51: =Overheads!G11 -> 0 | H51: =Overheads!H11 -> 0 | I51: =Overheads!I11 -> 0 | ... M51: =Overheads!M11 -> 0
B52: =Overheads!B12 -> Volunteer costs | C52: =Overheads!C12 -> 0 | D52: =Overheads!D12 -> 0 | E52: =Overheads!E12 -> 0 | F52: =Overheads!F12 -> 0 | G52: =Overheads!G12 -> 0 | H52: =Overheads!H12 -> 0 | I52: =Overheads!I12 -> 0 | ... M52: =Overheads!M12 -> 0
B53: =Overheads!B13 -> Site services | C53: =Overheads!C13 -> 0 | D53: =Overheads!D13 -> 0 | E53: =Overheads!E13 -> 0 | F53: =Overheads!F13 -> 0 | G53: =Overheads!G13 -> 0 | H53: =Overheads!H13 -> 0 | I53: =Overheads!I13 -> 0 | ... M53: =Overheads!M13 -> 0
B54: =Overheads!B14 -> Admin | C54: =Overheads!C14 -> 0 | D54: =Overheads!D14 -> 0 | E54: =Overheads!E14 -> 0 | F54: =Overheads!F14 -> 0 | G54: =Overheads!G14 -> 0 | H54: =Overheads!H14 -> 0 | I54: =Overheads!I14 -> 0 | ... M54: =Overheads!M14 -> 0
B55: =Overheads!B15 -> Petrol | C55: =Overheads!C15 -> 0 | D55: =Overheads!D15 -> 0 | E55: =Overheads!E15 -> 0 | F55: =Overheads!F15 -> 0 | G55: =Overheads!G15 -> 0 | H55: =Overheads!H15 -> 0 | I55: =Overheads!I15 -> 0 | ... M55: =Overheads!M15 -> 0
B56: =Overheads!B16 -> Vehicle maintenance | C56: =Overheads!C16 -> 0 | D56: =Overheads!D16 -> 0 | E56: =Overheads!E16 -> 0 | F56: =Overheads!F16 -> 0 | G56: =Overheads!G16 -> 0 | H56: =Overheads!H16 -> 0 | I56: =Overheads!I16 -> 0 | ... M56: =Overheads!M16 -> 0
B57: =Overheads!B18 -> Other | C57: =Overheads!C18 -> 0 | D57: =Overheads!D18 -> 0 | E57: =Overheads!E18 -> 0 | F57: =Overheads!F18 -> 0 | G57: =Overheads!G18 -> 0 | H57: =Overheads!H18 -> 0 | I57: =Overheads!I18 -> 0 | ... M57: =Overheads!M18 -> 0
B58: =Overheads!B19 -> Other | C58: =Overheads!C19 -> 0 | D58: =Overheads!D19 -> 0 | E58: =Overheads!E19 -> 0 | F58: =Overheads!F19 -> 0 | G58: =Overheads!G19 -> 0 | H58: =Overheads!H19 -> 0 | I58: =Overheads!I19 -> 0 | ... M58: =Overheads!M19 -> 0
B59: Interest loan one | C59: ='Finance costs'!D30*1000 -> 0 | D59: ='Finance costs'!D31*1000 -> 0 | E59: ='Finance costs'!D32*1000 -> 0 | F59: ='Finance costs'!D33*1000 -> 0 | G59: ='Finance costs'!D34*1000 -> 0 | H59: ='Finance costs'!D35*1000 -> 0 | I59: ='Finance costs'!D36*1000 -> 0 | J59: ='Finance costs'!D37*1000 -> 0 | K59: ='Finance costs'!D38*1000 -> 0 | L59: ='Finance costs'!D39*1000 -> 0 | N59: See from 'Finance costs'
B60: Interest loan two | C60: ='Finance costs'!D46*1000 -> 0 | D60: ='Finance costs'!D47*1000 -> 0 | E60: ='Finance costs'!D48*1000 -> 0 | F60: ='Finance costs'!D49*1000 -> 0 | G60: ='Finance costs'!D50*1000 -> 0 | H60: ='Finance costs'!D51*1000 -> 0 | I60: ='Finance costs'!D52*1000 -> 0 | J60: ='Finance costs'!D53*1000 -> 0 | K60: ='Finance costs'!D54*1000 -> 0 | L60: ='Finance costs'!D55*1000 -> 0 | N60: See from 'Finance costs'
B62: Total expenditure | C62: =SUM(C44:C60) -> 0 | D62: =SUM(D44:D60) -> 0 | E62: =SUM(E44:E60) -> 0 | F62: =SUM(F44:F60) -> 0 | G62: =SUM(G44:G60) -> 0 | H62: =SUM(H44:H60) -> 0 | I62: =SUM(I44:I60) -> 0 | J62: =SUM(J44:J60) -> 0 | ... M62: =SUM(M44:M60) -> 0
B63: Inflation rate | C63: 0.02 | D63: 0.02 | E63: 0.02 | F63: 0.02 | G63: 0.02 | H63: 0.02 | I63: 0.02 | J63: 0.02 | K63: 0.02 | L63: 0.02 | M63: 0.02
B64: Inflation | C64: =C62*C63 -> 0 | D64: =D62*D63 -> 0 | E64: =E62*E63 -> 0 | F64: =F62*F63 -> 0 | G64: =G62*G63 -> 0 | H64: =H62*H63 -> 0 | I64: =I62*I63 -> 0 | J64: =J62*J63 -> 0 | ... M64: =M62*M63 -> 0
B65: Total expenditure adjusted for inflation | C65: =SUM(C62, C64) -> 0 | D65: =SUM(D62, D64) -> 0 | E65: =SUM(E62, E64) -> 0 | F65: =SUM(F62, F64) -> 0 | G65: =SUM(G62, G64) -> 0 | H65: =SUM(H62, H64) -> 0 | I65: =SUM(I62, I64) -> 0 | J65: =SUM(J62, J64) -> 0 | ... M65: =SUM(M62, M64) -> 0
B67: Net profit | C67: =C40-C65 -> 0 | D67: =D40-D65 -> 0 | E67: =E40-E65 -> 0 | F67: =F40-F65 -> 0 | G67: =G40-G65 -> 0 | H67: =H40-H65 -> 0 | I67: =I40-I65 -> 0 | J67: =J40-J65 -> 0 | ... M67: =M40-M65 -> 0
B69: Tax rate | N69: Tax requirements will depend on your legal structure, activities and level of profit. For full information visit www.hmrc.gov.uk.
B70: Corporation tax | C70: =IF(C67<0,0,C67*C69) -> 0 | D70: =IF(D67<0,0,D67*D69) -> 0 | E70: =IF(E67<0,0,E67*E69) -> 0 | F70: =IF(F67<0,0,F67*F69) -> 0 | G70: =IF(G67<0,0,G67*G69) -> 0 | H70: =IF(H67<0,0,H67*H69) -> 0 | I70: =IF(I67<0,0,I67*I69) -> 0 | J70: =IF(J67<0,0,J67*J69) -> 0 | ... M70: =IF(M67<0,0,M67*M69) -> 0
B71: Net profit after tax | C71: =C67-C70 -> 0 | D71: =D67-D70 -> 0 | E71: =E67-E70 -> 0 | F71: =F67-F70 -> 0 | G71: =G67-G70 -> 0 | H71: =H67-H70 -> 0 | I71: =I67-I70 -> 0 | J71: =J67-J70 -> 0 | ... M71: =M67-M70 -> 0
B73: Cumulative profit (surplus)/loss (deficit) | C73: =C67 -> 0 | D73: =D67+C67 -> 0 | E73: =E67+D67 -> 0 | F73: =F67+E67 -> 0 | G73: =G67+F67 -> 0 | H73: =H67+G67 -> 0 | I73: =I67+H67 -> 0 | J73: =J67+I67 -> 0 | K73: =K67+J67 -> 0 | ... M73: =M67+L67 -> 0
B74: Cumulative profit (surplus)/loss (deficit) after tax | C74: =C71 -> 0 | D74: =D71+C71 -> 0 | E74: =E71+D71 -> 0 | F74: =F71+E71 -> 0 | G74: =G71+F71 -> 0 | H74: =H71+G71 -> 0 | I74: =I71+H71 -> 0 | J74: =J71+I71 -> 0 | K74: =K71+J71 -> 0 | ... M74: =M71+L71 -> 0
B76: Calculate your net profit margin (net profit divided by total sales x 100) | C76: =IF(C40=0,0,(C67/C40)) -> 0 | D76: =IF(D40=0,0,(D67/D40)) -> 0 | E76: =IF(E40=0,0,(E67/E40)) -> 0 | F76: =IF(F40=0,0,(F67/F40)) -> 0 | G76: =IF(G40=0,0,(G67/G40)) -> 0 | H76: =IF(H40=0,0,(H67/H40)) -> 0 | I76: =IF(I40=0,0,(I67/I40)) -> 0 | J76: =IF(J40=0,0,(J67/J40)) -> 0 | ... M76: =IF(M40=0,0,(M67/M40)) -> 0

Sheet Summary cash flow
B2: Cash flow
B4: The cash flow is the simplest and easiest of the statements to understand. This statement takes the opening balance at the start of each year, adds expected income and takes away the expected expenditure to provide a closing balance, which then carries forward to the next year. Everything listed here is real money, for example, a revaluation would not appear here unless the item in question is sold, as no cash would have been recieved. Equally the cash flow does not recognise other tangible items held by the Trust, so an investment in IT or vehicles would only have the impact of reducing the closing balance.
C6: Year zero | D6: Year one | E6: Year two | F6: Year three | G6: Year four | H6: Year five | I6: Year six | J6: Year seven | K6: Year eight | L6: Year nine | M6: Year ten
B8: Opening balance | C8: ='Capital income'!D9*1000 -> 0 | D8: =C67 -> 0 | E8: =D67 -> 0 | F8: =E67 -> 0 | G8: =F67 -> 0 | H8: =G67 -> 0 | I8: =H67 -> 0 | J8: =I67 -> 0 | K8: =J67 -> 0 | ... M8: =L67 -> 0 | N8: An opening balance is necessary in order to have enough cash to allow the business to function. This opening balance results from surplus capital - funds from friends etc can be used in the case of Brook Hall to act as working capital. Use the monthly cash flow tab to work through the first year or two in more detail.
B10: INCOME
B11: Grant funding (revenue) | D11: ='Grant funding'!D9 -> 0 | E11: ='Grant funding'!E9 -> 0 | F11: ='Grant funding'!F9 -> 0 | G11: ='Grant funding'!G9 -> 0 | H11: ='Grant funding'!H9 -> 0 | I11: ='Grant funding'!I9 -> 0 | J11: ='Grant funding'!J9 -> 0 | K11: ='Grant funding'!K9 -> 0 | ... M11: ='Grant funding'!M9 -> 0 | N11: See 'Grant funding'
B12: Capital income | C12: ='Capital income'!E39*100 -> 0 | D12: ='Capital income'!J39*100 -> 0 | E12: ='Capital income'!O39*100 -> 0 | F12: ='Capital income'!T39*100 -> 0 | G12: ='Capital income'!Y39*100 -> 0 | H12: ='Capital income'!AD39*100 -> 0 | N12: See 'Capital income'
B13: ='Heritage attraction'!B2 -> Heritage attraction | D13: ='Heritage attraction'!D6 -> 0 | E13: ='Heritage attraction'!E6 -> 0 | F13: ='Heritage attraction'!F6 -> 0 | G13: ='Heritage attraction'!G6 -> 0 | H13: ='Heritage attraction'!H6 -> 0 | I13: ='Heritage attraction'!I6 -> 0 | J13: ='Heritage attraction'!J6 -> 0 | K13: ='Heritage attraction'!K6 -> 0 | ... M13: ='Heritage attraction'!M6 -> 0 | N13: See 'Heritage attraction'
B14: ='Rental income'!B2 -> Rental of outbuildings | D14: ='Rental income'!D10 -> 0 | E14: ='Rental income'!E10 -> 0 | F14: ='Rental income'!F10 -> 0 | G14: ='Rental income'!G10 -> 0 | H14: ='Rental income'!H10 -> 0 | I14: ='Rental income'!I10 -> 0 | J14: ='Rental income'!J10 -> 0 | K14: ='Rental income'!K10 -> 0 | ... M14: ='Rental income'!M10 -> 0 | N14: See 'Rental income'
B15: ='Rental income'!B13 -> Rental of offices | D15: ='Rental income'!D21 -> 0 | E15: ='Rental income'!E21 -> 0 | F15: ='Rental income'!F21 -> 0 | G15: ='Rental income'!G21 -> 0 | H15: ='Rental income'!H21 -> 0 | I15: ='Rental income'!I21 -> 0 | J15: ='Rental income'!J21 -> 0 | K15: ='Rental income'!K21 -> 0 | ... M15: ='Rental income'!M21 -> 0
B16: ='Rental income'!B27 -> 0 | D16: ='Rental income'!D27 -> 0 | E16: ='Rental income'!E27 -> 0 | F16: ='Rental income'!F27 -> 0 | G16: ='Rental income'!G27 -> 0 | H16: ='Rental income'!H27 -> 0 | I16: ='Rental income'!I27 -> 0 | J16: ='Rental income'!J27 -> 0 | K16: ='Rental income'!K27 -> 0 | ... M16: ='Rental income'!M27 -> 0
B17: ='Rental income'!B28 -> 0 | D17: ='Rental income'!D28 -> 0 | E17: ='Rental income'!E28 -> 0 | F17: ='Rental income'!F28 -> 0 | G17: ='Rental income'!G28 -> 0 | H17: ='Rental income'!H28 -> 0 | I17: ='Rental income'!I28 -> 0 | J17: ='Rental income'!J28 -> 0 | K17: ='Rental income'!K28 -> 0 | ... M17: ='Rental income'!M28 -> 0
B18: ='Rental income'!B29 -> 0 | D18: ='Rental income'!D29 -> 0 | E18: ='Rental income'!E29 -> 0 | F18: ='Rental income'!F29 -> 0 | G18: ='Rental income'!G29 -> 0 | H18: ='Rental income'!H29 -> 0 | I18: ='Rental income'!I29 -> 0 | J18: ='Rental income'!J29 -> 0 | K18: ='Rental income'!K29 -> 0 | ... M18: ='Rental income'!M29 -> 0
B19: ='Rental income'!B30 -> 0 | D19: ='Rental income'!D30 -> 0 | E19: ='Rental income'!E30 -> 0 | F19: ='Rental income'!F30 -> 0 | G19: ='Rental income'!G30 -> 0 | H19: ='Rental income'!H30 -> 0 | I19: ='Rental income'!I30 -> 0 | J19: ='Rental income'!J30 -> 0 | K19: ='Rental income'!K30 -> 0 | ... M19: ='Rental income'!M30 -> 0
B20: ='Rental income'!B31 -> 0 | D20: ='Rental income'!D31 -> 0 | E20: ='Rental income'!E31 -> 0 | F20: ='Rental income'!F31 -> 0 | G20: ='Rental income'!G31 -> 0 | H20: ='Rental income'!H31 -> 0 | I20: ='Rental income'!I31 -> 0 | J20: ='Rental income'!J31 -> 0 | K20: ='Rental income'!K31 -> 0 | ... M20: ='Rental income'!M31 -> 0
B21: ='Rental income'!B32 -> 0 | D21: ='Rental income'!D32 -> 0 | E21: ='Rental income'!E32 -> 0 | F21: ='Rental income'!F32 -> 0 | G21: ='Rental income'!G32 -> 0 | H21: ='Rental income'!H32 -> 0 | I21: ='Rental income'!I32 -> 0 | J21: ='Rental income'!J32 -> 0 | K21: ='Rental income'!K32 -> 0 | ... M21: ='Rental income'!M32 -> 0
B22: ='Rental income'!B33 -> 0 | D22: ='Rental income'!D33 -> 0 | E22: ='Rental income'!E33 -> 0 | F22: ='Rental income'!F33 -> 0 | G22: ='Rental income'!G33 -> 0 | H22: ='Rental income'!H33 -> 0 | I22: ='Rental income'!I33 -> 0 | J22: ='Rental income'!J33 -> 0 | K22: ='Rental income'!K33 -> 0 | ... M22: ='Rental income'!M33 -> 0
B23: ='Café '!B2 -> Café | D23: ='Café '!D16 -> 0 | E23: ='Café '!E16 -> 0 | F23: ='Café '!F16 -> 0 | G23: ='Café '!G16 -> 0 | H23: ='Café '!H16 -> 0 | I23: ='Café '!I16 -> 0 | J23: ='Café '!J16 -> 0 | K23: ='Café '!K16 -> 0 | ... M23: ='Café '!M16 -> 0 | N23: See 'Café'
B24: =Activities!B5 -> Service charges | D24: =Activities!D5 -> 0 | E24: =Activities!E5 -> 0 | F24: =Activities!F5 -> 0 | G24: =Activities!G5 -> 0 | H24: =Activities!H5 -> 0 | I24: =Activities!I5 -> 0 | J24: =Activities!J5 -> 0 | K24: =Activities!K5 -> 0 | ... M24: =Activities!M5 -> 0 | N24: See 'Activities'
B25: =Activities!B6 -> 0 | D25: =Activities!D6 -> 0 | E25: =Activities!E6 -> 0 | F25: =Activities!F6 -> 0 | G25: =Activities!G6 -> 0 | H25: =Activities!H6 -> 0 | I25: =Activities!I6 -> 0 | J25: =Activities!J6 -> 0 | K25: =Activities!K6 -> 0 | ... M25: =Activities!M6 -> 0
B26: =Activities!B7 -> 0 | D26: =Activities!D7 -> 0 | E26: =Activities!E7 -> 0 | F26: =Activities!F7 -> 0 | G26: =Activities!G7 -> 0 | H26: =Activities!H7 -> 0 | I26: =Activities!I7 -> 0 | J26: =Activities!J7 -> 0 | K26: =Activities!K7 -> 0 | ... M26: =Activities!M7 -> 0
B27: =Activities!B8 -> 0 | D27: =Activities!D8 -> 0 | E27: =Activities!E8 -> 0 | F27: =Activities!F8 -> 0 | G27: =Activities!G8 -> 0 | H27: =Activities!H8 -> 0 | I27: =Activities!I8 -> 0 | J27: =Activities!J8 -> 0 | K27: =Activities!K8 -> 0
B28: =Activities!B9 -> 0 | D28: =Activities!D9 -> 0 | E28: =Activities!E9 -> 0 | F28: =Activities!F9 -> 0 | G28: =Activities!G9 -> 0 | H28: =Activities!H9 -> 0 | I28: =Activities!I9 -> 0 | J28: =Activities!J9 -> 0 | K28: =Activities!K9 -> 0
B29: =Activities!B10 -> 0 | D29: =Activities!D10 -> 0 | E29: =Activities!E10 -> 0 | F29: =Activities!F10 -> 0 | G29: =Activities!G10 -> 0 | H29: =Activities!H10 -> 0 | I29: =Activities!I10 -> 0 | J29: =Activities!J10 -> 0 | K29: =Activities!K10 -> 0
B30: =Activities!B11 -> 0 | D30: =Activities!D11 -> 0 | E30: =Activities!E11 -> 0 | F30: =Activities!F11 -> 0 | G30: =Activities!G11 -> 0 | H30: =Activities!H11 -> 0 | I30: =Activities!I11 -> 0 | J30: =Activities!J11 -> 0 | K30: =Activities!K11 -> 0
B31: =Activities!B12 -> 0 | D31: =Activities!D12 -> 0 | E31: =Activities!E12 -> 0 | F31: =Activities!F12 -> 0 | G31: =Activities!G12 -> 0 | H31: =Activities!H12 -> 0 | I31: =Activities!I12 -> 0 | J31: =Activities!J12 -> 0 | K31: =Activities!K12 -> 0
B32: Shop | D32: =Shop!D9 -> 0 | E32: =Shop!E9 -> 0 | F32: =Shop!F9 -> 0 | G32: =Shop!G9 -> 0 | H32: =Shop!H9 -> 0 | I32: =Shop!I9 -> 0 | J32: =Shop!J9 -> 0 | K32: =Shop!K9 -> 0 | ... M32: =Shop!M9 -> 0 | N32: See 'Shop'
B33: Events | D33: =Events!E12 -> 0 | E33: =Events!F12 -> 0 | F33: =Events!G12 -> 0 | G33: =Events!H12 -> 0 | H33: =Events!I12 -> 0 | I33: =Events!J12 -> 0 | J33: =Events!K12 -> 0 | K33: =Events!L12 -> 0 | ... M33: =Events!N12 -> 0 | N33: See 'Events'
B34: Donations | D34: =Donations!D12 -> 0 | E34: =Donations!E12 -> 0 | F34: =Donations!F12 -> 0 | G34: =Donations!G12 -> 0 | H34: =Donations!H12 -> 0 | I34: =Donations!I12 -> 0 | J34: =Donations!J12 -> 0 | K34: =Donations!K12 -> 0 | ... M34: =Donations!M12 -> 0 | N34: See 'Donations'
B35: Gift aid | D35: ='Gift aid'!D23 -> 0 | E35: ='Gift aid'!E23 -> 0 | F35: ='Gift aid'!F23 -> 0 | G35: ='Gift aid'!G23 -> 0 | H35: ='Gift aid'!H23 -> 0 | I35: ='Gift aid'!I23 -> 0 | J35: ='Gift aid'!J23 -> 0 | K35: ='Gift aid'!K23 -> 0 | ... M35: ='Gift aid'!M23 -> 0 | N35: See 'Gift Aid'
B36: Other
B37: Other
B39: Total income | C39: =SUM(C10:C38) -> 0 | D39: =SUM(D10:D38) -> 0 | E39: =SUM(E10:E38) -> 0 | F39: =SUM(F10:F38) -> 0 | G39: =SUM(G10:G38) -> 0 | H39: =SUM(H10:H38) -> 0 | I39: =SUM(I10:I38) -> 0 | J39: =SUM(J10:J38) -> 0 | ... M39: =SUM(M10:M38) -> 0 | N39: Total income (sales, grants and donations) by year
B41: EXPENDITURE
B42: Capital expenditure | C42: ='Capital expenditure'!E46*100 -> 0 | D42: ='Capital expenditure'!J46*100 -> 0 | E42: ='Capital expenditure'!O46*100 -> 0 | F42: ='Capital expenditure'!T46*100 -> 0 | G42: ='Capital expenditure'!Y46*100 -> 0 | H42: ='Capital expenditure'!AD46*100 -> 0
B43: ='Staff expenditure'!B38 -> Staff total | C43: ='Staff expenditure'!C38 -> 0 | D43: ='Staff expenditure'!D38 -> 0 | E43: ='Staff expenditure'!E38 -> 0 | F43: ='Staff expenditure'!F38 -> 0 | G43: ='Staff expenditure'!G38 -> 0 | H43: ='Staff expenditure'!H38 -> 0 | I43: ='Staff expenditure'!I38 -> 0 | ... M43: ='Staff expenditure'!M38 -> 0 | N43: All information here has been moved automatically from the Staff and overheads sheets.
B44: =Overheads!B5 -> Utilities | C44: =Overheads!C5 -> 0 | D44: =Overheads!D5 -> 0 | E44: =Overheads!E5 -> 0 | F44: =Overheads!F5 -> 0 | G44: =Overheads!G5 -> 0 | H44: =Overheads!H5 -> 0 | I44: =Overheads!I5 -> 0 | ... M44: =Overheads!M5 -> 0
B45: =Overheads!B6 -> Insurance | C45: =Overheads!C6 -> 0 | D45: =Overheads!D6 -> 0 | E45: =Overheads!E6 -> 0 | F45: =Overheads!F6 -> 0 | G45: =Overheads!G6 -> 0 | H45: =Overheads!H6 -> 0 | I45: =Overheads!I6 -> 0 | ... M45: =Overheads!M6 -> 0
B46: =Overheads!B7 -> Publicity | C46: =Overheads!C7 -> 0 | D46: =Overheads!D7 -> 0 | E46: =Overheads!E7 -> 0 | F46: =Overheads!F7 -> 0 | G46: =Overheads!G7 -> 0 | H46: =Overheads!H7 -> 0 | I46: =Overheads!I7 -> 0 | ... M46: =Overheads!M7 -> 0
B47: =Overheads!B8 -> IT | C47: =Overheads!C8 -> 0 | D47: =Overheads!D8 -> 0 | E47: =Overheads!E8 -> 0 | F47: =Overheads!F8 -> 0 | G47: =Overheads!G8 -> 0 | H47: =Overheads!H8 -> 0 | I47: =Overheads!I8 -> 0 | ... M47: =Overheads!M8 -> 0
B48: =Overheads!B9 -> Legal and audit | C48: =Overheads!C9 -> 0 | D48: =Overheads!D9 -> 0 | E48: =Overheads!E9 -> 0 | F48: =Overheads!F9 -> 0 | G48: =Overheads!G9 -> 0 | H48: =Overheads!H9 -> 0 | I48: =Overheads!I9 -> 0 | ... M48: =Overheads!M9 -> 0
B49: =Overheads!B10 -> Website | C49: =Overheads!C10 -> 0 | D49: =Overheads!D10 -> 0 | E49: =Overheads!E10 -> 0 | F49: =Overheads!F10 -> 0 | G49: =Overheads!G10 -> 0 | H49: =Overheads!H10 -> 0 | I49: =Overheads!I10 -> 0 | ... M49: =Overheads!M10 -> 0
B50: =Overheads!B11 -> Maintenance of building and gardens | C50: =Overheads!C11 -> 0 | D50: =Overheads!D11 -> 0 | E50: =Overheads!E11 -> 0 | F50: =Overheads!F11 -> 0 | G50: =Overheads!G11 -> 0 | H50: =Overheads!H11 -> 0 | I50: =Overheads!I11 -> 0 | ... M50: =Overheads!M11 -> 0
B51: =Overheads!B12 -> Volunteer costs | C51: =Overheads!C12 -> 0 | D51: =Overheads!D12 -> 0 | E51: =Overheads!E12 -> 0 | F51: =Overheads!F12 -> 0 | G51: =Overheads!G12 -> 0 | H51: =Overheads!H12 -> 0 | I51: =Overheads!I12 -> 0 | ... M51: =Overheads!M12 -> 0
B52: =Overheads!B13 -> Site services | C52: =Overheads!C13 -> 0 | D52: =Overheads!D13 -> 0 | E52: =Overheads!E13 -> 0 | F52: =Overheads!F13 -> 0 | G52: =Overheads!G13 -> 0 | H52: =Overheads!H13 -> 0 | I52: =Overheads!I13 -> 0 | ... M52: =Overheads!M13 -> 0
B53: =Overheads!B14 -> Admin | C53: =Overheads!C14 -> 0 | D53: =Overheads!D14 -> 0 | E53: =Overheads!E14 -> 0 | F53: =Overheads!F14 -> 0 | G53: =Overheads!G14 -> 0 | H53: =Overheads!H14 -> 0 | I53: =Overheads!I14 -> 0 | ... M53: =Overheads!M14 -> 0
B54: =Overheads!B15 -> Petrol | C54: =Overheads!C15 -> 0 | D54: =Overheads!D15 -> 0 | E54: =Overheads!E15 -> 0 | F54: =Overheads!F15 -> 0 | G54: =Overheads!G15 -> 0 | H54: =Overheads!H15 -> 0 | I54: =Overheads!I15 -> 0 | ... M54: =Overheads!M15 -> 0
B55: =Overheads!B16 -> Vehicle maintenance | C55: =Overheads!C16 -> 0 | D55: =Overheads!D16 -> 0 | E55: =Overheads!E16 -> 0 | F55: =Overheads!F16 -> 0 | G55: =Overheads!G16 -> 0 | H55: =Overheads!H16 -> 0 | I55: =Overheads!I16 -> 0 | ... M55: =Overheads!M16 -> 0
B56: =Overheads!B18 -> Other | C56: =Overheads!C18 -> 0 | D56: =Overheads!D18 -> 0 | E56: =Overheads!E18 -> 0 | F56: =Overheads!F18 -> 0 | G56: =Overheads!G18 -> 0 | H56: =Overheads!H18 -> 0 | I56: =Overheads!I18 -> 0 | ... M56: =Overheads!M18 -> 0
B57: =Overheads!B19 -> Other | C57: =Overheads!C19 -> 0 | D57: =Overheads!D19 -> 0 | E57: =Overheads!E19 -> 0 | F57: =Overheads!F19 -> 0 | G57: =Overheads!G19 -> 0 | H57: =Overheads!H19 -> 0 | I57: =Overheads!I19 -> 0 | ... M57: =Overheads!M19 -> 0
B58: =Overheads!B19 -> Other | C58: =Overheads!C19 -> 0 | D58: =Overheads!D19 -> 0 | E58: =Overheads!E19 -> 0 | F58: =Overheads!F19 -> 0 | G58: =Overheads!G19 -> 0 | H58: =Overheads!H19 -> 0 | I58: =Overheads!I19 -> 0 | ... M58: =Overheads!M19 -> 0
B59: ='Finance costs'!B13 -> Total finance costs | C59: ='Finance costs'!C13 -> 0 | D59: ='Finance costs'!D13 -> 0 | E59: ='Finance costs'!E13 -> 0 | F59: ='Finance costs'!F13 -> 0 | G59: ='Finance costs'!G13 -> 0 | H59: ='Finance costs'!H13 -> 0 | I59: ='Finance costs'!I13 -> 0 | ... M59: ='Finance costs'!M13 -> 0 | N59: See 'Finance costs'
B60: Tax | D60: ='Income and expenditure'!C70 -> 0 | E60: ='Income and expenditure'!D70 -> 0 | F60: ='Income and expenditure'!E70 -> 0 | G60: ='Income and expenditure'!F70 -> 0 | H60: ='Income and expenditure'!G70 -> 0 | I60: ='Income and expenditure'!H70 -> 0 | J60: ='Income and expenditure'!I70 -> 0 | K60: ='Income and expenditure'!J70 -> 0 | ... M60: ='Income and expenditure'!L70 -> 0 | N60: Tax is always paid one year in arreas.
B62: Total expenditure | C62: =SUM(C43:C61) -> 0 | D62: =SUM(D43:D61) -> 0 | E62: =SUM(E43:E61) -> 0 | F62: =SUM(F43:F61) -> 0 | G62: =SUM(G43:G61) -> 0 | H62: =SUM(H43:H61) -> 0 | I62: =SUM(I43:I61) -> 0 | J62: =SUM(J43:J61) -> 0 | ... M62: =SUM(M43:M61) -> 0 | N62: Total outgoings or expenditure per year.
B63: Inflation rate | C63: 0.02 | D63: 0.02 | E63: 0.02 | F63: 0.02 | G63: 0.02 | H63: 0.02 | I63: 0.02 | J63: 0.02 | K63: 0.02 | L63: 0.02 | M63: 0.02
B64: Inflation | C64: =C62*C63 -> 0 | D64: =D62*D63 -> 0 | E64: =E62*E63 -> 0 | F64: =F62*F63 -> 0 | G64: =G62*G63 -> 0 | H64: =H62*H63 -> 0 | I64: =I62*I63 -> 0 | J64: =J62*J63 -> 0 | ... M64: =M62*M63 -> 0
B65: Total expenditure adjusted for inflation | C65: =SUM(C62, C64) -> 0 | D65: =SUM(D62, D64) -> 0 | E65: =SUM(E62, E64) -> 0 | F65: =SUM(F62, F64) -> 0 | G65: =SUM(G62, G64) -> 0 | H65: =SUM(H62, H64) -> 0 | I65: =SUM(I62, I64) -> 0 | J65: =SUM(J62, J64) -> 0 | ... M65: =SUM(M62, M64) -> 0
B67: Closing balance | C67: =(C8+C39-C65) -> 0 | D67: =(D8+D39-D65) -> 0 | E67: =(E8+E39-E65) -> 0 | F67: =(F8+F39-F65) -> 0 | G67: =(G8+G39-G65) -> 0 | H67: =(H8+H39-H65) -> 0 | I67: =(I8+I39-I65) -> 0 | J67: =(J8+J39-J65) -> 0 | ... M67: =(M8+M39-M65) -> 0 | N67: Difference each year between projected income and expenditure. A positive number indicates a surplus, negative a deficit. If there is a deficit for more than the first year then plans should be reviewed to explore how income can be increased and expenditure reduced before proceding any further with the project.

Sheet Cash flow (quarterly)
B2: Cash flow (monthly)
B4: How to complete a cash flow forecast by month
B5: There will be some income and expenditure that will be steady over the year, for which you can allocate to quarters evenly. Other cash flow items may fluctuate more or only occur at one point in the year.
B6: To help you complete a quarterly cash flow, figures from year 0,1 and 2 from the cash flow summary will appear here. You just need to fill in the blanks for the quarters. A column has been inserted to the right of the forth quarter to show the amount still to be allocated, or the amount that has been over allocated.
B7: You may need to break down some items of income and expenditure which will fluctuate in accordance with a number of factors, for example, only one part of gift aid relates directly to visitor numbers. This calculator will only provide a rough estimate, for example in relation to income from visitors, it will not reflect that different groups of visitors, who pay different entrance fees, will visit at different times of the year.
B9: Year 0
C11: Summary of year zero | D11: Quarter one | E11: Quarter two | F11: Quarter three | G11: Quarter four | H11: Difference between annual cashflow and four quarter total
B13: Opening balance | C13: ='Summary cash flow'!C8 -> 0 | D13: =C13 -> 0 | E13: =D71 -> 0 | F13: =E71 -> 0 | G13: =F71 -> 0
B15: INCOME
B16: ='Summary cash flow'!B11 -> Grant funding (revenue) | C16: ='Summary cash flow'!C11 -> 0 | H16: =(C16-(SUM(D16:G16))) -> 0
B17: ='Summary cash flow'!B12 -> Capital income | C17: ='Summary cash flow'!C12 -> 0 | H17: =(C17-(SUM(D17:G17))) -> 0
B18: ='Summary cash flow'!B13 -> Heritage attraction | C18: ='Summary cash flow'!C13 -> 0 | H18: =(C18-(SUM(D18:G18))) -> 0
B19: ='Summary cash flow'!B14 -> Rental of outbuildings | C19: ='Summary cash flow'!C14 -> 0 | H19: =(C19-(SUM(D19:G19))) -> 0
B20: ='Summary cash flow'!B15 -> Rental of offices | C20: ='Summary cash flow'!C15 -> 0 | H20: =(C20-(SUM(D20:G20))) -> 0
B21: ='Summary cash flow'!B16 -> 0 | C21: ='Summary cash flow'!C16 -> 0 | H21: =(C21-(SUM(D21:G21))) -> 0
B22: ='Summary cash flow'!B17 -> 0 | C22: ='Summary cash flow'!C17 -> 0 | H22: =(C22-(SUM(D22:G22))) -> 0
B23: ='Summary cash flow'!B18 -> 0 | C23: ='Summary cash flow'!C18 -> 0 | H23: =(C23-(SUM(D23:G23))) -> 0
B24: ='Summary cash flow'!B19 -> 0 | C24: ='Summary cash flow'!C19 -> 0 | H24: =(C24-(SUM(D24:G24))) -> 0
B25: ='Summary cash flow'!B20 -> 0 | C25: ='Summary cash flow'!C20 -> 0 | H25: =(C25-(SUM(D25:G25))) -> 0
B26: ='Summary cash flow'!B21 -> 0 | C26: ='Summary cash flow'!C21 -> 0 | H26: =(C26-(SUM(D26:G26))) -> 0
B27: ='Summary cash flow'!B22 -> 0 | C27: ='Summary cash flow'!C22 -> 0 | H27: =(C27-(SUM(D27:G27))) -> 0
... B42: ='Summary cash flow'!B37 -> Other | C42: ='Summary cash flow'!C37 -> 0 | H42: =(C42-(SUM(D42:G42))) -> 0
B44: ='Summary cash flow'!B39 -> Total income | C44: ='Summary cash flow'!C39 -> 0 | D44: =SUM(D16:D42) -> 0 | E44: =SUM(E16:E42) -> 0 | F44: =SUM(F16:F42) -> 0 | G44: =SUM(G16:G42) -> 0 | H44: =(C44-(SUM(D44:G44))) -> 0
H45: =(C45-(SUM(D45:G45))) -> 0
B46: ='Summary cash flow'!B41 -> EXPENDITURE
B47: ='Summary cash flow'!B42 -> Capital expenditure | C47: ='Summary cash flow'!C42 -> 0
B48: ='Summary cash flow'!B43 -> Staff total | C48: ='Summary cash flow'!C43 -> 0 | H48: =(C48-(SUM(D48:G48))) -> 0
B49: ='Summary cash flow'!B44 -> Utilities | C49: ='Summary cash flow'!C44 -> 0 | H49: =(C49-(SUM(D49:G49))) -> 0
B50: ='Summary cash flow'!B45 -> Insurance | C50: ='Summary cash flow'!C45 -> 0 | H50: =(C50-(SUM(D50:G50))) -> 0
B51: ='Summary cash flow'!B46 -> Publicity | C51: ='Summary cash flow'!C46 -> 0 | H51: =(C51-(SUM(D51:G51))) -> 0
B52: ='Summary cash flow'!B47 -> IT | C52: ='Summary cash flow'!C47 -> 0 | H52: =(C52-(SUM(D52:G52))) -> 0
B53: ='Summary cash flow'!B48 -> Legal and audit | C53: ='Summary cash flow'!C48 -> 0 | H53: =(C53-(SUM(D53:G53))) -> 0
B54: ='Summary cash flow'!B49 -> Website | C54: ='Summary cash flow'!C49 -> 0 | H54: =(C54-(SUM(D54:G54))) -> 0
B55: ='Summary cash flow'!B50 -> Maintenance of building and gardens | C55: ='Summary cash flow'!C50 -> 0 | H55: =(C55-(SUM(D55:G55))) -> 0
B56: ='Summary cash flow'!B51 -> Volunteer costs | C56: ='Summary cash flow'!C51 -> 0 | H56: =(C56-(SUM(D56:G56))) -> 0
B57: ='Summary cash flow'!B52 -> Site services | C57: ='Summary cash flow'!C52 -> 0 | H57: =(C57-(SUM(D57:G57))) -> 0
B58: ='Summary cash flow'!B53 -> Admin | C58: ='Summary cash flow'!C53 -> 0 | H58: =(C58-(SUM(D58:G58))) -> 0
B59: ='Summary cash flow'!B54 -> Petrol | C59: ='Summary cash flow'!C54 -> 0 | H59: =(C59-(SUM(D59:G59))) -> 0
... B65: ='Summary cash flow'!B60 -> Tax | C65: ='Summary cash flow'!C60 -> 0 | H65: =(C65-(SUM(D65:G65))) -> 0
B67: ='Summary cash flow'!B62 -> Total expenditure | C67: ='Summary cash flow'!C62 -> 0 | D67: =SUM(D48:D65) -> 0 | E67: =SUM(E48:E65) -> 0 | F67: =SUM(F48:F65) -> 0 | G67: =SUM(G48:G65) -> 0 | H67: =(C67-(SUM(D67:G67))) -> 0
B68: ='Summary cash flow'!B63 -> Inflation rate | C68: ='Summary cash flow'!C63 -> 0.02
B69: ='Summary cash flow'!B65 -> Total expenditure adjusted for inflation | C69: ='Summary cash flow'!C65 -> 0 | D69: =SUM(D50:D67) -> 0 | E69: =SUM(E50:E67) -> 0 | F69: =SUM(F50:F67) -> 0 | G69: =SUM(G50:G67) -> 0 | H69: =(C69-(SUM(D69:G69))) -> 0
B70: ='Summary cash flow'!B66 -> 0
B71: ='Summary cash flow'!B67 -> Closing balance | C71: ='Summary cash flow'!C67 -> 0 | D71: =SUM(D13+D44-D67) -> 0 | E71: =SUM(E13+E44-E67) -> 0 | F71: =SUM(F13+F44-F67) -> 0 | G71: =SUM(G13+G44-G67) -> 0 | H71: =(C71-(SUM(D71:G71))) -> 0
B74: Year 1
C76: Summary of year zero | D76: Quarter one | E76: Quarter two | F76: Quarter three | G76: Quarter four | H76: Difference between annual cashflow and four quarter total
B78: =B13 -> Opening balance | C78: =C71 -> 0 | D78: =C78 -> 0 | E78: =D136 -> 0 | F78: =E136 -> 0 | G78: =F136 -> 0
B80: =B15 -> INCOME
B81: =B16 -> Grant funding (revenue) | C81: ='Summary cash flow'!D11 -> 0 | H81: =(C81-(SUM(D81:G81))) -> 0
B82: =B17 -> Capital income | C82: ='Summary cash flow'!D12 -> 0 | H82: =(C82-(SUM(D82:G82))) -> 0
B83: =B18 -> Heritage attraction | C83: ='Summary cash flow'!D13 -> 0 | H83: =(C83-(SUM(D83:G83))) -> 0
B84: =B19 -> Rental of outbuildings | C84: ='Summary cash flow'!D14 -> 0 | H84: =(C84-(SUM(D84:G84))) -> 0
B85: =B20 -> Rental of offices | C85: ='Summary cash flow'!D15 -> 0 | H85: =(C85-(SUM(D85:G85))) -> 0
B86: =B21 -> 0 | C86: ='Summary cash flow'!D16 -> 0 | H86: =(C86-(SUM(D86:G86))) -> 0
B87: =B22 -> 0 | C87: ='Summary cash flow'!D17 -> 0 | H87: =(C87-(SUM(D87:G87))) -> 0
B88: =B23 -> 0 | C88: ='Summary cash flow'!D18 -> 0 | H88: =(C88-(SUM(D88:G88))) -> 0
B89: =B24 -> 0 | C89: ='Summary cash flow'!D19 -> 0 | H89: =(C89-(SUM(D89:G89))) -> 0
B90: =B25 -> 0 | C90: ='Summary cash flow'!D20 -> 0 | H90: =(C90-(SUM(D90:G90))) -> 0
B91: =B26 -> 0 | C91: ='Summary cash flow'!D21 -> 0 | H91: =(C91-(SUM(D91:G91))) -> 0
B92: =B27 -> 0 | C92: ='Summary cash flow'!D22 -> 0 | H92: =(C92-(SUM(D92:G92))) -> 0
... B107: =B42 -> Other | C107: ='Summary cash flow'!D37 -> 0 | H107: =(C107-(SUM(D107:G107))) -> 0
B109: =B44 -> Total income | C109: ='Summary cash flow'!D39 -> 0 | D109: =SUM(D81:D107) -> 0 | E109: =SUM(E81:E107) -> 0 | F109: =SUM(F81:F107) -> 0 | G109: =SUM(G81:G107) -> 0 | H109: =(C109-(SUM(D109:G109))) -> 0
H110: =(C110-(SUM(D110:G110))) -> 0
B111: =B46 -> EXPENDITURE
B112: =B47 -> Capital expenditure | C112: =C47 -> 0
B113: =B48 -> Staff total | C113: ='Summary cash flow'!D43 -> 0 | H113: =(C113-(SUM(D113:G113))) -> 0
B114: =B49 -> Utilities | C114: ='Summary cash flow'!D44 -> 0 | H114: =(C114-(SUM(D114:G114))) -> 0
B115: =B50 -> Insurance | C115: ='Summary cash flow'!D45 -> 0 | H115: =(C115-(SUM(D115:G115))) -> 0
B116: =B51 -> Publicity | C116: ='Summary cash flow'!D46 -> 0 | H116: =(C116-(SUM(D116:G116))) -> 0
B117: =B52 -> IT | C117: ='Summary cash flow'!D47 -> 0 | H117: =(C117-(SUM(D117:G117))) -> 0
B118: =B53 -> Legal and audit | C118: ='Summary cash flow'!D48 -> 0 | H118: =(C118-(SUM(D118:G118))) -> 0
B119: =B54 -> Website | C119: ='Summary cash flow'!D49 -> 0 | H119: =(C119-(SUM(D119:G119))) -> 0
B120: =B55 -> Maintenance of building and gardens | C120: ='Summary cash flow'!D50 -> 0 | H120: =(C120-(SUM(D120:G120))) -> 0
B121: =B56 -> Volunteer costs | C121: ='Summary cash flow'!D51 -> 0 | H121: =(C121-(SUM(D121:G121))) -> 0
B122: =B57 -> Site services | C122: ='Summary cash flow'!D52 -> 0 | H122: =(C122-(SUM(D122:G122))) -> 0
B123: =B58 -> Admin | C123: ='Summary cash flow'!D53 -> 0 | H123: =(C123-(SUM(D123:G123))) -> 0
B124: =B59 -> Petrol | C124: ='Summary cash flow'!D54 -> 0 | H124: =(C124-(SUM(D124:G124))) -> 0
... B130: =B65 -> Tax | C130: ='Summary cash flow'!D60 -> 0 | H130: =(C130-(SUM(D130:G130))) -> 0
B132: =B67 -> Total expenditure | C132: ='Summary cash flow'!D62 -> 0 | D132: =SUM(D113:D130) -> 0 | E132: =SUM(E113:E130) -> 0 | F132: =SUM(F113:F130) -> 0 | G132: =SUM(G113:G130) -> 0 | H132: =(C132-(SUM(D132:G132))) -> 0
B133: =B68 -> Inflation rate | C133: ='Summary cash flow'!D63 -> 0.02
B134: =B69 -> Total expenditure adjusted for inflation | C134: ='Summary cash flow'!D65 -> 0 | D134: =SUM(D115:D132) -> 0 | E134: =SUM(E115:E132) -> 0 | F134: =SUM(F115:F132) -> 0 | G134: =SUM(G115:G132) -> 0 | H134: =(C134-(SUM(D134:G134))) -> 0
B136: =B71 -> Closing balance | C136: ='Summary cash flow'!D67 -> 0 | D136: =SUM(D78+D109-D132) -> 0 | E136: =SUM(E78+E109-E132) -> 0 | F136: =SUM(F78+F109-F132) -> 0 | G136: =SUM(G78+G109-G132) -> 0 | H136: =(C136-(SUM(D136:G136))) -> 0
B139: Year 2
C141: Summary of year zero | D141: Quarter one | E141: Quarter two | F141: Quarter three | G141: Quarter four | H141: Difference between annual cashflow and four quarter total
B143: =B78 -> Opening balance | C143: =C136 -> 0 | D143: =C143 -> 0 | E143: =D201 -> 0 | F143: =E201 -> 0 | G143: =F201 -> 0
B145: =B80 -> INCOME
B146: =B81 -> Grant funding (revenue) | C146: ='Summary cash flow'!E11 -> 0 | H146: =(C146-(SUM(D146:G146))) -> 0
B147: =B82 -> Capital income | C147: ='Summary cash flow'!E12 -> 0 | H147: =(C147-(SUM(D147:G147))) -> 0
B148: =B83 -> Heritage attraction | C148: ='Summary cash flow'!E13 -> 0 | H148: =(C148-(SUM(D148:G148))) -> 0
B149: =B84 -> Rental of outbuildings | C149: ='Summary cash flow'!E14 -> 0 | H149: =(C149-(SUM(D149:G149))) -> 0
B150: =B85 -> Rental of offices | C150: ='Summary cash flow'!E15 -> 0 | H150: =(C150-(SUM(D150:G150))) -> 0
B151: =B86 -> 0 | C151: ='Summary cash flow'!E16 -> 0 | H151: =(C151-(SUM(D151:G151))) -> 0
B152: =B87 -> 0 | C152: ='Summary cash flow'!E17 -> 0 | H152: =(C152-(SUM(D152:G152))) -> 0
B153: =B88 -> 0 | C153: ='Summary cash flow'!E18 -> 0 | H153: =(C153-(SUM(D153:G153))) -> 0
B154: =B89 -> 0 | C154: ='Summary cash flow'!E19 -> 0 | H154: =(C154-(SUM(D154:G154))) -> 0
B155: =B90 -> 0 | C155: ='Summary cash flow'!E20 -> 0 | H155: =(C155-(SUM(D155:G155))) -> 0
B156: =B91 -> 0 | C156: ='Summary cash flow'!E21 -> 0 | H156: =(C156-(SUM(D156:G156))) -> 0
B157: =B92 -> 0 | C157: ='Summary cash flow'!E22 -> 0 | H157: =(C157-(SUM(D157:G157))) -> 0
... B172: =B107 -> Other | C172: ='Summary cash flow'!E37 -> 0 | H172: =(C172-(SUM(D172:G172))) -> 0
B174: =B109 -> Total income | C174: ='Summary cash flow'!E39 -> 0 | D174: =SUM(D146:D172) -> 0 | E174: =SUM(E146:E172) -> 0 | F174: =SUM(F146:F172) -> 0 | G174: =SUM(G146:G172) -> 0 | H174: =(C174-(SUM(D174:G174))) -> 0
...

Sheet Capital summary
B2: Capital summary
D4: Year zero | H4: Year one | L4: Year two | P4: Year three | T4: Year four | X4: Year five
C5: Amount (£000) | D5: Quarter one | E5: Quarter two | F5: Quarter three | G5: Quarter four | H5: Quarter one | I5: Quarter two | J5: Quarter three | K5: Quarter four | L5: Quarter one | M5: Quarter two | N5: Quarter three | O5: Quarter four | P5: Quarter one | Q5: Quarter two | R5: Quarter three | S5: Quarter four | T5: Quarter one | U5: Quarter two | V5: Quarter three | W5: Quarter four | X5: Quarter one | Y5: Quarter two | Z5: Quarter three | AA5: Quarter four
B6: Opening balance | D6: ='Capital income'!F39 -> 0 | E6: =D11 -> 0 | F6: =E11 -> 0 | G6: =F11 -> 0 | H6: =G11 -> 0 | I6: =H11 -> 0 | J6: =I11 -> 0 | K6: =J11 -> 0 | L6: =K11 -> 0 | ... AA6: =Z11 -> 0
B8: Capital income | C8: ='Capital income'!D39 -> 0 | D8: ='Capital income'!F39 -> 0 | E8: ='Capital income'!G39 -> 0 | F8: ='Capital income'!H39 -> 0 | G8: ='Capital income'!I39 -> 0 | H8: ='Capital income'!K39 -> 0 | I8: ='Capital income'!L39 -> 0 | J8: ='Capital income'!M39 -> 0 | K8: ='Capital income'!N39 -> 0 | L8: ='Capital income'!P39 -> 0 | M8: ='Capital income'!Q39 -> 0 | N8: ='Capital income'!R39 -> 0 | O8: ='Capital income'!S39 -> 0 | P8: ='Capital income'!T39 -> 0 | Q8: ='Capital income'!V39 -> 0 | R8: ='Capital income'!W39 -> 0 | S8: ='Capital income'!X39 -> 0 | T8: ='Capital income'!Z39 -> 0 | U8: ='Capital income'!AA39 -> 0 | V8: ='Capital income'!AB39 -> 0 | W8: ='Capital income'!AC39 -> 0 | X8: ='Capital income'!AE39 -> 0 | Y8: ='Capital income'!AF39 -> 0 | Z8: ='Capital income'!AG39 -> 0 | AA8: ='Capital income'!AH39 -> 0 | AB8: See 'Capital income'
B9: Capital expenditure | C9: ='Capital expenditure'!D44 -> 0 | D9: ='Capital expenditure'!F46 -> 0 | E9: ='Capital expenditure'!G46 -> 0 | F9: ='Capital expenditure'!H46 -> 0 | G9: ='Capital expenditure'!I46 -> 0 | H9: ='Capital expenditure'!J46 -> 0 | I9: ='Capital expenditure'!K46 -> 0 | J9: ='Capital expenditure'!L46 -> 0 | K9: ='Capital expenditure'!M46 -> 0 | ... AA9: ='Capital expenditure'!AC46 -> 0 | AB9: See 'Capital expenditure'
B11: Closing balance | C11: =C8-C9 -> 0 | D11: =D8-D9 -> 0 | E11: =E8-E9 -> 0 | F11: =F8-F9 -> 0 | G11: =G8-G9 -> 0 | H11: =H8-H9 -> 0 | I11: =I8-I9 -> 0 | J11: =J8-J9 -> 0 | ... AA11: =AA8-AA9 -> 0 | AB11: Total income less the investment required

Sheet Capital income
B2: The capital income listed here, being a fictional scenario, may not reflect the current funding context and should not be an indication of where groups should consider applying for funding.
B4: Capital income
E6: Year one total | F6: Year zero | J6: Year one total | K6: Year one | O6: Year one total | P6: Year two | T6: Year one total | Y6: Year one total | Z6: Year four | AD6: Year one total | AE6: Year five
B7: Source | C7: Type | D7: Amount (£000) | F7: Quarter one | G7: Quarter two | H7: Quarter three | I7: Quarter four | K7: Quarter one | L7: Quarter two | M7: Quarter three | N7: Quarter four | P7: Quarter one | Q7: Quarter two | R7: Quarter three | S7: Quarter four | U7: Quarter one | V7: Quarter two | W7: Quarter three | X7: Quarter four | Z7: Quarter one | AA7: Quarter two | AB7: Quarter three | AC7: Quarter four | AE7: Quarter one | AF7: Quarter two | AG7: Quarter three | AH7: Quarter four
B9: Accumulated funds | D9: =SUM(D10:D12) -> 0 | E9: =SUM(F9:I9) -> 0 | F9: =SUM(F10:F12) -> 0 | G9: =SUM(G10:G12) -> 0 | H9: =SUM(H10:H12) -> 0 | I9: =SUM(I10:I12) -> 0 | J9: =SUM(K9:N9) -> 0 | K9: =SUM(K10:K12) -> 0 | L9: =SUM(L10:L12) -> 0 | M9: =SUM(M10:M12) -> 0 | N9: =SUM(N10:N12) -> 0 | O9: =SUM(P9:S9) -> 0 | P9: =SUM(P10:P12) -> 0 | Q9: =SUM(Q10:Q12) -> 0 | R9: =SUM(R10:R12) -> 0 | S9: =SUM(S10:S12) -> 0 | T9: =SUM(U9:X9) -> 0 | U9: =SUM(U10:U12) -> 0 | V9: =SUM(V10:V12) -> 0 | W9: =SUM(W10:W12) -> 0 | X9: =SUM(X10:X12) -> 0 | Y9: =SUM(Z9:AC9) -> 0 | Z9: =SUM(Z10:Z12) -> 0 | AA9: =SUM(AA10:AA12) -> 0 | AB9: =SUM(AB10:AB12) -> 0 | AC9: =SUM(AC10:AC12) -> 0 | AD9: =SUM(AE9:AH9) -> 0 | AE9: =SUM(AE10:AE12) -> 0 | AF9: =SUM(AF10:AF12) -> 0 | AG9: =SUM(AG10:AG12) -> 0 | AH9: =SUM(AH10:AH12) -> 0 | AI9: Total accumulated funds
B10: Brook Hall Trust account | E10: =SUM(F10:I10) -> 0 | J10: =SUM(K10:N10) -> 0 | O10: =SUM(P10:S10) -> 0 | T10: =SUM(U10:X10) -> 0 | Y10: =SUM(Z10:AC10) -> 0 | AD10: =SUM(AE10:AH10) -> 0
E11: =SUM(F11:I11) -> 0 | J11: =SUM(K11:N11) -> 0 | O11: =SUM(P11:S11) -> 0 | T11: =SUM(U11:X11) -> 0 | Y11: =SUM(Z11:AC11) -> 0 | AD11: =SUM(AE11:AH11) -> 0 | AI11: Funds contained in the Brook Hall account from previous events
E12: =SUM(F12:I12) -> 0 | J12: =SUM(K12:N12) -> 0 | O12: =SUM(P12:S12) -> 0 | T12: =SUM(U12:X12) -> 0 | Y12: =SUM(Z12:AC12) -> 0 | AD12: =SUM(AE12:AH12) -> 0
B14: Grants | D14: =SUM(D15:D28) -> 0 | E14: =SUM(F14:I14) -> 0 | F14: =SUM(F15:F28) -> 0 | G14: =SUM(G15:G28) -> 0 | H14: =SUM(H15:H28) -> 0 | I14: =SUM(I15:I28) -> 0 | J14: =SUM(K14:N14) -> 0 | K14: =SUM(K15:K28) -> 0 | L14: =SUM(L15:L28) -> 0 | M14: =SUM(M15:M28) -> 0 | N14: =SUM(N15:N28) -> 0 | O14: =SUM(P14:S14) -> 0 | P14: =SUM(P15:P28) -> 0 | Q14: =SUM(Q15:Q28) -> 0 | R14: =SUM(R15:R28) -> 0 | S14: =SUM(S15:S28) -> 0 | T14: =SUM(U14:X14) -> 0 | U14: =SUM(U15:U28) -> 0 | V14: =SUM(V15:V28) -> 0 | W14: =SUM(W15:W28) -> 0 | X14: =SUM(X15:X28) -> 0 | Y14: =SUM(Z14:AC14) -> 0 | Z14: =SUM(Z15:Z28) -> 0 | AA14: =SUM(AA15:AA28) -> 0 | AB14: =SUM(AB15:AB28) -> 0 | AC14: =SUM(AC15:AC28) -> 0 | AD14: =SUM(AE14:AH14) -> 0 | AE14: =SUM(AE15:AE28) -> 0 | AF14: =SUM(AF15:AF28) -> 0 | AG14: =SUM(AG15:AG28) -> 0 | AH14: =SUM(AH15:AH28) -> 0 | AI14: Total from external fundors
B15: Heritage Lottery Fund | C15: Grant | E15: =SUM(F15:I15) -> 0 | J15: =SUM(K15:N15) -> 0 | O15: =SUM(P15:S15) -> 0 | T15: =SUM(U15:X15) -> 0 | Y15: =SUM(Z15:AC15) -> 0 | AD15: =SUM(AE15:AH15) -> 0
B16: English Heritage | C16: Grant | E16: =SUM(F16:I16) -> 0 | J16: =SUM(K16:N16) -> 0 | O16: =SUM(P16:S16) -> 0 | T16: =SUM(U16:X16) -> 0 | Y16: =SUM(Z16:AC16) -> 0 | AD16: =SUM(AE16:AH16) -> 0
B17: ERDF | C17: Grant | E17: =SUM(F17:I17) -> 0 | J17: =SUM(K17:N17) -> 0 | O17: =SUM(P17:S17) -> 0 | T17: =SUM(U17:X17) -> 0 | Y17: =SUM(Z17:AC17) -> 0 | AD17: =SUM(AE17:AH17) -> 0
B18: The Mercers' Charitable Fund | C18: Grant | E18: =SUM(F18:I18) -> 0 | J18: =SUM(K18:N18) -> 0 | O18: =SUM(P18:S18) -> 0 | T18: =SUM(U18:X18) -> 0 | Y18: =SUM(Z18:AC18) -> 0 | AD18: =SUM(AE18:AH18) -> 0
B19: Kent Gardens Trust | C19: Grant | E19: =SUM(F19:I19) -> 0 | J19: =SUM(K19:N19) -> 0 | O19: =SUM(P19:S19) -> 0 | T19: =SUM(U19:X19) -> 0 | Y19: =SUM(Z19:AC19) -> 0 | AD19: =SUM(AE19:AH19) -> 0 | AI19: Fund specific to the type of project
E20: =SUM(F20:I20) -> 0 | J20: =SUM(K20:N20) -> 0 | O20: =SUM(P20:S20) -> 0 | T20: =SUM(U20:X20) -> 0 | Y20: =SUM(Z20:AC20) -> 0 | AD20: =SUM(AE20:AH20) -> 0
E21: =SUM(F21:I21) -> 0 | J21: =SUM(K21:N21) -> 0 | O21: =SUM(P21:S21) -> 0 | T21: =SUM(U21:X21) -> 0 | Y21: =SUM(Z21:AC21) -> 0 | AD21: =SUM(AE21:AH21) -> 0
E22: =SUM(F22:I22) -> 0 | J22: =SUM(K22:N22) -> 0 | O22: =SUM(P22:S22) -> 0 | T22: =SUM(U22:X22) -> 0 | Y22: =SUM(Z22:AC22) -> 0 | AD22: =SUM(AE22:AH22) -> 0
E23: =SUM(F23:I23) -> 0 | J23: =SUM(K23:N23) -> 0 | O23: =SUM(P23:S23) -> 0 | T23: =SUM(U23:X23) -> 0 | Y23: =SUM(Z23:AC23) -> 0 | AD23: =SUM(AE23:AH23) -> 0
E24: =SUM(F24:I24) -> 0 | J24: =SUM(K24:N24) -> 0 | O24: =SUM(P24:S24) -> 0 | T24: =SUM(U24:X24) -> 0 | Y24: =SUM(Z24:AC24) -> 0 | AD24: =SUM(AE24:AH24) -> 0
E25: =SUM(F25:I25) -> 0 | J25: =SUM(K25:N25) -> 0 | O25: =SUM(P25:S25) -> 0 | T25: =SUM(U25:X25) -> 0 | Y25: =SUM(Z25:AC25) -> 0 | AD25: =SUM(AE25:AH25) -> 0
Y26: =SUM(Z26:AC26) -> 0 | AD26: =SUM(AE26:AH26) -> 0
E27: =SUM(F27:I27) -> 0 | J27: =SUM(K27:N27) -> 0 | O27: =SUM(P27:S27) -> 0 | T27: =SUM(U27:X27) -> 0 | Y27: =SUM(Z27:AC27) -> 0 | AD27: =SUM(AE27:AH27) -> 0
E28: =SUM(F28:I28) -> 0 | J28: =SUM(K28:N28) -> 0 | O28: =SUM(P28:S28) -> 0 | T28: =SUM(U28:X28) -> 0 | Y28: =SUM(Z28:AC28) -> 0 | AD28: =SUM(AE28:AH28) -> 0
B30: Community | D30: =SUM(D31:D33) -> 0 | E30: =SUM(F30:I30) -> 0 | F30: =SUM(F31:F33) -> 0 | G30: =SUM(G31:G33) -> 0 | H30: =SUM(H31:H33) -> 0 | I30: =SUM(I31:I33) -> 0 | J30: =SUM(K30:N30) -> 0 | K30: =SUM(K31:K33) -> 0 | L30: =SUM(L31:L33) -> 0 | M30: =SUM(M31:M33) -> 0 | N30: =SUM(N31:N33) -> 0 | O30: =SUM(P30:S30) -> 0 | P30: =SUM(P31:P33) -> 0 | Q30: =SUM(Q31:Q33) -> 0 | R30: =SUM(R31:R33) -> 0 | S30: =SUM(S31:S33) -> 0 | T30: =SUM(U30:X30) -> 0 | U30: =SUM(U31:U33) -> 0 | V30: =SUM(V31:V33) -> 0 | W30: =SUM(W31:W33) -> 0 | X30: =SUM(X31:X33) -> 0 | Y30: =SUM(Z30:AC30) -> 0 | Z30: =SUM(Z31:Z33) -> 0 | AA30: =SUM(AA31:AA33) -> 0 | AB30: =SUM(AB31:AB33) -> 0 | AC30: =SUM(AC31:AC33) -> 0 | AD30: =SUM(AE30:AH30) -> 0 | AE30: =SUM(AE31:AE33) -> 0 | AF30: =SUM(AF31:AF33) -> 0 | AG30: =SUM(AG31:AG33) -> 0 | AH30: =SUM(AH31:AH33) -> 0 | AI30: Total from community
B31: Local fundraising | C31: Fundraising | E31: =SUM(F31:I31) -> 0 | J31: =SUM(K31:N31) -> 0 | O31: =SUM(P31:S31) -> 0 | T31: =SUM(U31:X31) -> 0 | Y31: =SUM(Z31:AC31) -> 0 | AD31: =SUM(AE31:AH31) -> 0 | AI31: Donations, friends scheme, revenue from friends events | AJ31: Community shares
B32: Community Shares | C32: Equity | E32: =SUM(F32:I32) -> 0 | J32: =SUM(K32:N32) -> 0 | O32: =SUM(P32:S32) -> 0 | T32: =SUM(U32:X32) -> 0 | Y32: =SUM(Z32:AC32) -> 0 | AD32: =SUM(AE32:AH32) -> 0 | AJ32: For more information see The Practitioners Guide to Community Shares at http://www.uk.coop/resources/documents/practitioners-guide-community-shares
E33: =SUM(F33:I33) -> 0 | J33: =SUM(K33:N33) -> 0 | O33: =SUM(P33:S33) -> 0 | T33: =SUM(U33:X33) -> 0 | Y33: =SUM(Z33:AC33) -> 0 | AD33: =SUM(AE33:AH33) -> 0
B35: Loans - you must input data into 'Finance costs' or this will show as an error. | D35: =SUM(D36:D37) -> 0 | E35: =SUM(F35:I35) -> 0 | F35: =SUM(F36:F37) -> 0 | G35: =SUM(G36:G37) -> 0 | H35: =SUM(H36:H37) -> 0 | I35: =SUM(I36:I37) -> 0 | J35: =SUM(K35:N35) -> 0 | K35: =SUM(K36:K37) -> 0 | L35: =SUM(L36:L37) -> 0 | M35: =SUM(M36:M37) -> 0 | N35: =SUM(N36:N37) -> 0 | O35: =SUM(P35:S35) -> 0 | P35: =SUM(P36:P37) -> 0 | Q35: =SUM(Q36:Q37) -> 0 | R35: =SUM(R36:R37) -> 0 | S35: =SUM(S36:S37) -> 0 | T35: =SUM(U35:X35) -> 0 | U35: =SUM(U36:U37) -> 0 | V35: =SUM(V36:V37) -> 0 | W35: =SUM(W36:W37) -> 0 | X35: =SUM(X36:X37) -> 0 | Y35: =SUM(Z35:AC35) -> 0 | Z35: =SUM(Z36:Z37) -> 0 | AA35: =SUM(AA36:AA37) -> 0 | AB35: =SUM(AB36:AB37) -> 0 | AC35: =SUM(AC36:AC37) -> 0 | AD35: =SUM(AE35:AH35) -> 0 | AE35: =SUM(AE36:AE37) -> 0 | AF35: =SUM(AF36:AF37) -> 0 | AG35: =SUM(AG36:AG37) -> 0 | AH35: =SUM(AH36:AH37) -> 0 | AI35: Total from loans
B36: AHF | C36: 0.05 | E36: =SUM(F36:I36) -> 0 | J36: =SUM(K36:N36) -> 0 | O36: =SUM(P36:S36) -> 0 | T36: =SUM(U36:X36) -> 0 | Y36: =SUM(Z36:AC36) -> 0 | AD36: =SUM(AE36:AH36) -> 0 | AI36: AHF loans maximum 500,000 for site acquisition. Go to 'Finance costs' to complete additional loan details.
B37: Bank loan | C37: 0.04 | E37: =SUM(F37:I37) -> 0 | J37: =SUM(K37:N37) -> 0 | O37: =SUM(P37:S37) -> 0 | T37: =SUM(U37:X37) -> 0 | Y37: =SUM(Z37:AC37) -> 0 | AD37: =SUM(AE37:AH37) -> 0 | AI37: Construction costs. Go to 'Finance costs' to complete additional loan details.
B39: Total | D39: =SUM(D10, D14, D30, D35) -> 0 | E39: =SUM(F39:I39) -> 0 | F39: =SUM(F10, F14, F30, F35) -> 0 | G39: =SUM(G10, G14, G30, G35) -> 0 | H39: =SUM(H10, H14, H30, H35) -> 0 | I39: =SUM(I10, I14, I30, I35) -> 0 | J39: =SUM(K39:N39) -> 0 | K39: =SUM(K10, K14, K30, K35) -> 0 | L39: =SUM(L10, L14, L30, L35) -> 0 | M39: =SUM(M10, M14, M30, M35) -> 0 | N39: =SUM(N10, N14, N30, N35) -> 0 | O39: =SUM(P39:S39) -> 0 | P39: =SUM(P10, P14, P30, P35) -> 0 | Q39: =SUM(Q10, Q14, Q30, Q35) -> 0 | R39: =SUM(R10, R14, R30, R35) -> 0 | S39: =SUM(S10, S14, S30, S35) -> 0 | T39: =SUM(U39:X39) -> 0 | U39: =SUM(U10, U14, U30, U35) -> 0 | V39: =SUM(V10, V14, V30, V35) -> 0 | W39: =SUM(W10, W14, W30, W35) -> 0 | X39: =SUM(X10, X14, X30, X35) -> 0 | Y39: =SUM(Z39:AC39) -> 0 | Z39: =SUM(Z10, Z14, Z30, Z35) -> 0 | AA39: =SUM(AA10, AA14, AA30, AA35) -> 0 | AB39: =SUM(AB10, AB14, AB30, AB35) -> 0 | AC39: =SUM(AC10, AC14, AC30, AC35) -> 0 | AD39: =SUM(AE39:AH39) -> 0 | AE39: =SUM(AE10, AE14, AE30, AE35) -> 0 | AF39: =SUM(AF10, AF14, AF30, AF35) -> 0 | AG39: =SUM(AG10, AG14, AG30, AG35) -> 0 | AH39: =SUM(AH10, AH14, AH30, AH35) -> 0

Sheet Capital expenditure
B2: Capital costs
B4: Item | C4: Fees (%) | D4: Cost (£000) | E4: Year one total | F4: Year zero | J4: Year one total | K4: Year one | O4: Year two total | P4: Year two | T4: Year three total | U4: Year three | Y4: Year four total | Z4: Year four | AD4: Year five total | AE4: Year five | AJ4: Comments
F5: Quarter one | G5: Quarter two | H5: Quarter three | I5: Quarter four | K5: Quarter one | L5: Quarter two | M5: Quarter three | N5: Quarter four | P5: Quarter one | Q5: Quarter two | R5: Quarter three | S5: Quarter four | U5: Quarter one | V5: Quarter two | W5: Quarter three | X5: Quarter four | Z5: Quarter one | AA5: Quarter two | AB5: Quarter three | AC5: Quarter four | AE5: Quarter one | AF5: Quarter two | AG5: Quarter three | AH5: Quarter four
B6: Asset purchase/lease | D6: =SUM(D7:D15) -> 0 | E6: =SUM(F6:I6) -> 0 | F6: =SUM(F7:F15) -> 0 | G6: =SUM(G7:G15) -> 0 | H6: =SUM(H7:H15) -> 0 | I6: =SUM(I7:I15) -> 0 | J6: =SUM(K6:N6) -> 0 | K6: =SUM(K7:K15) -> 0 | L6: =SUM(L7:L15) -> 0 | M6: =SUM(M7:M15) -> 0 | N6: =SUM(N7:N15) -> 0 | O6: =SUM(P6:S6) -> 0 | P6: =SUM(P7:P15) -> 0 | Q6: =SUM(Q7:Q15) -> 0 | R6: =SUM(R7:R15) -> 0 | S6: =SUM(S7:S15) -> 0 | T6: =SUM(U6:X6) -> 0 | U6: =SUM(U7:U15) -> 0 | V6: =SUM(V7:V15) -> 0 | W6: =SUM(W7:W15) -> 0 | X6: =SUM(X7:X15) -> 0 | Y6: =SUM(Z6:AC6) -> 0 | Z6: =SUM(Z7:Z15) -> 0 | AA6: =SUM(AA7:AA15) -> 0 | AB6: =SUM(AB7:AB15) -> 0 | AC6: =SUM(AC7:AC15) -> 0 | AD6: =SUM(AE6:AH6) -> 0 | AE6: =SUM(AE7:AE15) -> 0 | AF6: =SUM(AF7:AF15) -> 0 | AG6: =SUM(AG7:AG15) -> 0 | AH6: =SUM(AH7:AH15) -> 0 | AJ6: Total purchase costs for buildings/land
B7: Site acquisition | J7: =SUM(K7:N7) -> 0 | O7: =SUM(P7:S7) -> 0 | T7: =SUM(U7:X7) -> 0 | Y7: =SUM(Z7:AC7) -> 0 | AD7: =SUM(AE7:AH7) -> 0 | AJ7: Amount required to purchase the site.
B8: Collections | E8: =SUM(F8:I8) -> 0 | J8: =SUM(K8:N8) -> 0 | O8: =SUM(P8:S8) -> 0 | T8: =SUM(U8:X8) -> 0 | Y8: =SUM(Z8:AC8) -> 0 | AD8: =SUM(AE8:AH8) -> 0 | AJ8: Purchase of collections within the site.
B9: Fountains | E9: =SUM(F9:I9) -> 0 | J9: =SUM(K9:N9) -> 0 | O9: =SUM(P9:S9) -> 0 | T9: =SUM(U9:X9) -> 0 | Y9: =SUM(Z9:AC9) -> 0 | AD9: =SUM(AE9:AH9) -> 0 | AJ9: Purchase of stone fountains
B10: Other | E10: =SUM(F10:I10) -> 0 | J10: =SUM(K10:N10) -> 0 | O10: =SUM(P10:S10) -> 0 | T10: =SUM(U10:X10) -> 0 | Y10: =SUM(Z10:AC10) -> 0 | AD10: =SUM(AE10:AH10) -> 0
B11: Furniture, fixtures and equipment | E11: =SUM(F11:I11) -> 0 | J11: =SUM(K11:N11) -> 0 | O11: =SUM(P11:S11) -> 0 | T11: =SUM(U11:X11) -> 0 | Y11: =SUM(Z11:AC11) -> 0 | AD11: =SUM(AE11:AH11) -> 0 | AJ11: Café kitchen, amenities, disabled access etc
B12: Office equipment | E12: =SUM(F12:I12) -> 0 | J12: =SUM(K12:N12) -> 0 | O12: =SUM(P12:S12) -> 0 | T12: =SUM(U12:X12) -> 0 | Y12: =SUM(Z12:AC12) -> 0 | AD12: =SUM(AE12:AH12) -> 0 | AJ12: Furniture, computers, projector and phones.
B13: Other | E13: =SUM(F13:I13) -> 0 | J13: =SUM(K13:N13) -> 0 | O13: =SUM(P13:S13) -> 0 | T13: =SUM(U13:X13) -> 0 | Y13: =SUM(Z13:AC13) -> 0 | AD13: =SUM(AE13:AH13) -> 0
B14: Other | E14: =SUM(F14:I14) -> 0 | J14: =SUM(K14:N14) -> 0 | O14: =SUM(P14:S14) -> 0 | T14: =SUM(U14:X14) -> 0 | Y14: =SUM(Z14:AC14) -> 0 | AD14: =SUM(AE14:AH14) -> 0
B16: Core construction costs | D16: =SUM(D17:D24) -> 0 | E16: =SUM(E17:E24) -> 0 | F16: =SUM(F17:F24) -> 0 | G16: =SUM(G17:G24) -> 0 | H16: =SUM(H17:H24) -> 0 | I16: =SUM(I17:I24) -> 0 | J16: =SUM(J17:J24) -> 0 | K16: =SUM(K17:K24) -> 0 | ... AH16: =SUM(AH17:AH24) -> 0 | AJ16: Total construction costs
B17: Construction cost | E17: =SUM(F17:I17) -> 0 | J17: =SUM(K17:N17) -> 0 | O17: =SUM(P17:S17) -> 0 | T17: =SUM(U17:X17) -> 0 | Y17: =SUM(Z17:AC17) -> 0 | AD17: =SUM(AE17:AH17) -> 0 | AJ17: Main construction costs to cover work on the roof, central heating, re-wiring, fire escape.
B18: Restoration of period features | E18: =SUM(F18:I18) -> 0 | J18: =SUM(K18:N18) -> 0 | O18: =SUM(P18:S18) -> 0 | T18: =SUM(U18:X18) -> 0 | Y18: =SUM(Z18:AC18) -> 0 | AD18: =SUM(AE18:AH18) -> 0 | AJ18: Extra costs to restore historic features such as the staircase, fireplaces, doors and light fittings
B19: Historic collections | E19: =SUM(F19:I19) -> 0 | J19: =SUM(K19:N19) -> 0 | O19: =SUM(P19:S19) -> 0 | T19: =SUM(U19:X19) -> 0 | Y19: =SUM(Z19:AC19) -> 0 | AD19: =SUM(AE19:AH19) -> 0 | AJ19: Work to restore and preserve the main collections, including furniture and painting, which will take place in year one, with items gradually returning to the Hall. Other collections to be placed in storage and brought out for restoration once funds allow.
B20: Other | E20: =SUM(F20:I20) -> 0 | J20: =SUM(K20:N20) -> 0 | O20: =SUM(P20:S20) -> 0 | T20: =SUM(U20:X20) -> 0 | Y20: =SUM(Z20:AC20) -> 0 | AD20: =SUM(AE20:AH20) -> 0
B21: Other | E21: =SUM(F21:I21) -> 0 | J21: =SUM(K21:N21) -> 0 | O21: =SUM(P21:S21) -> 0 | T21: =SUM(U21:X21) -> 0 | Y21: =SUM(Z21:AC21) -> 0 | AD21: =SUM(AE21:AH21) -> 0
B22: Other | E22: =SUM(F22:I22) -> 0 | J22: =SUM(K22:N22) -> 0 | O22: =SUM(P22:S22) -> 0 | T22: =SUM(U22:X22) -> 0 | Y22: =SUM(Z22:AC22) -> 0 | AD22: =SUM(AE22:AH22) -> 0
B23: Other | E23: =SUM(F23:I23) -> 0 | J23: =SUM(K23:N23) -> 0 | O23: =SUM(P23:S23) -> 0 | T23: =SUM(U23:X23) -> 0 | Y23: =SUM(Z23:AC23) -> 0 | AD23: =SUM(AE23:AH23) -> 0
B25: Other capital costs | D25: =SUM(D26:D43) -> 0 | E25: =SUM(E26:E43) -> 0 | F25: =SUM(F26:F43) -> 0 | G25: =SUM(G26:G43) -> 0 | H25: =SUM(H26:H43) -> 0 | I25: =SUM(I26:I43) -> 0 | J25: =SUM(J26:J43) -> 0 | K25: =SUM(K26:K43) -> 0 | ... AH25: =SUM(AH26:AH43) -> 0 | AJ25: Total of other capital costs
B26: Design team fees | C26: 0.12 | D26: =D16*C26 -> 0 | E26: =SUM(F26:I26) -> 0 | J26: =SUM(K26:N26) -> 0 | O26: =SUM(P26:S26) -> 0 | T26: =SUM(U26:X26) -> 0 | Y26: =SUM(Z26:AC26) -> 0 | AD26: =SUM(AE26:AH26) -> 0 | AJ26: 12% of construction costs.
B27: Project management fee | C27: 0.02 | D27: =D16*C27 -> 0 | E27: =SUM(F27:I27) -> 0 | J27: =SUM(K27:N27) -> 0 | O27: =SUM(P27:S27) -> 0 | T27: =SUM(U27:X27) -> 0 | Y27: =SUM(Z27:AC27) -> 0 | AD27: =SUM(AE27:AH27) -> 0 | AJ27: 2% of construction costs. An external project manager will be used for this project to oversee the work and co-ordinate work done by different contractors and specialist restoration companies.
B28: Clerk of Work Fees | E28: =SUM(F28:I28) -> 0 | J28: =SUM(K28:N28) -> 0 | O28: =SUM(P28:S28) -> 0 | T28: =SUM(U28:X28) -> 0 | Y28: =SUM(Z28:AC28) -> 0 | AD28: =SUM(AE28:AH28) -> 0
B29: Planning fees and building warrant fee | E29: =SUM(F29:I29) -> 0 | J29: =SUM(K29:N29) -> 0 | O29: =SUM(P29:S29) -> 0 | T29: =SUM(U29:X29) -> 0 | Y29: =SUM(Z29:AC29) -> 0 | AD29: =SUM(AE29:AH29) -> 0 | AJ29: Fees for taking out planning permission.
B30: Legal fees | E30: =SUM(F30:I30) -> 0 | J30: =SUM(K30:N30) -> 0 | O30: =SUM(P30:S30) -> 0 | T30: =SUM(U30:X30) -> 0 | Y30: =SUM(Z30:AC30) -> 0 | AD30: =SUM(AE30:AH30) -> 0 | AJ30: Legal fees associated with taking out planning permission, for taking out finance, purchase of the Hall and resolving a small disputed land issue at the end of the gardens.
B31: Insurance | E31: =SUM(F31:I31) -> 0 | J31: =SUM(K31:N31) -> 0 | O31: =SUM(P31:S31) -> 0 | T31: =SUM(U31:X31) -> 0 | Y31: =SUM(Z31:AC31) -> 0 | AD31: =SUM(AE31:AH31) -> 0 | AJ31: Insurance during construction phase.
B32: Surveys/site investigation | E32: =SUM(F32:I32) -> 0 | J32: =SUM(K32:N32) -> 0 | O32: =SUM(P32:S32) -> 0 | T32: =SUM(U32:X32) -> 0 | Y32: =SUM(Z32:AC32) -> 0 | AD32: =SUM(AE32:AH32) -> 0 | AJ32: Prelimary surveys and investigation prior to work.
B33: Conservation plan | E33: =SUM(F33:I33) -> 0 | J33: =SUM(K33:N33) -> 0 | O33: =SUM(P33:S33) -> 0 | T33: =SUM(U33:X33) -> 0 | Y33: =SUM(Z33:AC33) -> 0 | AD33: =SUM(AE33:AH33) -> 0 | AJ33: External consultant specialising in 18th century buildings hired to carry out conservation plan.
B34: BREEAM consultant | E34: =SUM(F34:I34) -> 0 | J34: =SUM(K34:N34) -> 0 | O34: =SUM(P34:S34) -> 0 | T34: =SUM(U34:X34) -> 0 | Y34: =SUM(Z34:AC34) -> 0 | AD34: =SUM(AE34:AH34) -> 0 | AJ34: Assessment by a BREAAM consultant, ongoing advice during design and implementation of construction work.
E35: =SUM(F35:I35) -> 0 | J35: =SUM(K35:N35) -> 0 | O35: =SUM(P35:S35) -> 0 | T35: =SUM(U35:X35) -> 0 | Y35: =SUM(Z35:AC35) -> 0 | AD35: =SUM(AE35:AH35) -> 0 | AJ35: Fees for taking out finance
B36: Historic garden designer | E36: =SUM(F36:I36) -> 0 | J36: =SUM(K36:N36) -> 0 | O36: =SUM(P36:S36) -> 0 | T36: =SUM(U36:X36) -> 0 | Y36: =SUM(Z36:AC36) -> 0 | AD36: =SUM(AE36:AH36) -> 0 | AJ36: Redesign and restoration plan for the historic gardens.
B37: Other | E37: =SUM(F37:I37) -> 0 | J37: =SUM(K37:N37) -> 0 | O37: =SUM(P37:S37) -> 0 | T37: =SUM(U37:X37) -> 0 | Y37: =SUM(Z37:AC37) -> 0 | AD37: =SUM(AE37:AH37) -> 0
B38: Other | E38: =SUM(F38:I38) -> 0 | J38: =SUM(K38:N38) -> 0 | O38: =SUM(P38:S38) -> 0 | T38: =SUM(U38:X38) -> 0 | Y38: =SUM(Z38:AC38) -> 0 | AD38: =SUM(AE38:AH38) -> 0
B39: Other | E39: =SUM(F39:I39) -> 0 | J39: =SUM(K39:N39) -> 0 | O39: =SUM(P39:S39) -> 0 | T39: =SUM(U39:X39) -> 0 | Y39: =SUM(Z39:AC39) -> 0 | AD39: =SUM(AE39:AH39) -> 0
B40: Other | E40: =SUM(F40:I40) -> 0 | J40: =SUM(K40:N40) -> 0 | O40: =SUM(P40:S40) -> 0 | T40: =SUM(U40:X40) -> 0 | Y40: =SUM(Z40:AC40) -> 0 | AD40: =SUM(AE40:AH40) -> 0
B41: Other | E41: =SUM(F41:I41) -> 0 | J41: =SUM(K41:N41) -> 0 | O41: =SUM(P41:S41) -> 0 | T41: =SUM(U41:X41) -> 0 | Y41: =SUM(Z41:AC41) -> 0 | AD41: =SUM(AE41:AH41) -> 0
B42: Other | E42: =SUM(F42:I42) -> 0 | J42: =SUM(K42:N42) -> 0 | O42: =SUM(P42:S42) -> 0 | T42: =SUM(U42:X42) -> 0 | Y42: =SUM(Z42:AC42) -> 0 | AD42: =SUM(AE42:AH42) -> 0
B44: Subtotal | D44: =SUM(D6, D16, D25) -> 0 | E44: =SUM(E6, E16, E25) -> 0 | F44: =SUM(F6, F16, F25) -> 0 | G44: =SUM(G6, G16, G25) -> 0 | H44: =SUM(H6, H16, H25) -> 0 | I44: =SUM(I6, I16, I25) -> 0 | J44: =SUM(J6, J16, J25) -> 0 | K44: =SUM(K6, K16, K25) -> 0 | ... AH44: =SUM(AH6, AH16, AH25) -> 0
B45: VAT (if not included within costs above) | C45: 0.02 | D45: =D44*C45 -> 0 | E45: =SUM(F45:I45) -> 0 | J45: =SUM(K45:N45) -> 0 | O45: =SUM(P45:S45) -> 0 | T45: =SUM(U45:X45) -> 0 | Y45: =SUM(Z45:AC45) -> 0 | AD45: =SUM(AE45:AH45) -> 0 | AJ45: If the business is not planning to register for VAT then VAT will need to be paid on these expenses. Full guidance on VAT, including exemptions for change of use of historic buildings, can be found on HMRC's website.
B46: Total | D46: =SUM(D44,D45) -> 0 | E46: =SUM(E44,E45) -> 0 | F46: =SUM(F44,F45) -> 0 | G46: =SUM(G44,G45) -> 0 | H46: =SUM(H44,H45) -> 0 | I46: =SUM(I44,I45) -> 0 | J46: =SUM(J44,J45) -> 0 | K46: =SUM(K44,K45) -> 0 | ... AH46: =SUM(AH44,AH45) -> 0

Sheet Rental income
B2: Rental of outbuildings
B4: Square feet available | D4: Not including communal areas such as toilet facilities, corridors and entrance halls.
B5: £/square foot | D5: The price per square foot should be determined preferably from an independent valuation, otherwise it can be estimated using evidence from market research, such as the price of comparable facilities.
B6: Maximum rental income | C6: =SUM(C4*C5*12) -> 0 | D6: Calculated by multiplying the square feet available by the price per square foot (monthly) and then by 12 to make the income an annual figure.
C8: Year zero | D8: Year one | E8: Year two | F8: Year three | G8: Year four | H8: Year five | I8: Year six | J8: Year seven | K8: Year eight | L8: Year nine | M8: Year ten
B9: Occupancy % | N9: Occupancy generally increases over time but will depend on market. The percentage should be estimated by using evidence from market research showing levels of demand and any expressions of interest recieved. Due to turnover of occupants, the space is unlikely to reach full capacity.
B10: Income | C10: =C6*C9 -> 0 | D10: =C6*D9 -> 0 | E10: =C6*E9 -> 0 | F10: =C6*F9 -> 0 | G10: =C6*G9 -> 0 | H10: =C6*H9 -> 0 | I10: =C6*I9 -> 0 | J10: =C6*J9 -> 0 | K10: =C6*K9 -> 0 | L10: =C6*L9 -> 0 | M10: =C6*M9 -> 0 | N10: Calculated by multiplying the maximum rental income by the % occupancy.
B13: Rental of offices
B15: Square feet available | D15: Not including communal areas such as toilet facilities, corridors and entrance halls.
B16: £/square foot | D16: =D5 -> The price per square foot should be determined preferably from an independent valuation, otherwise it can be estimated using evidence from market research, such as the price of comparable facilities.
B17: Maximum rental income | C17: =SUM(C15*C16*12) -> 0 | D17: Calculated by multiplying the square feet available by the price per square foot (monthly) and then by 12 to make the income an annual figure.
C19: Year zero | D19: Year one | E19: Year two | F19: Year three | G19: Year four | H19: Year five | I19: Year six | J19: Year seven | K19: Year eight | L19: Year nine | M19: Year ten
B20: Occupancy % | N20: Occupancy generally increases over time but will depend on market, any expressions of interest, demand. Due to turnover of occupants, the space is unlikely to reach full capacity.
B21: Income | C21: =C17*C20 -> 0 | D21: =C17*D20 -> 0 | E21: =C17*E20 -> 0 | F21: =C17*F20 -> 0 | G21: =C17*G20 -> 0 | H21: =C17*H20 -> 0 | I21: =C17*I20 -> 0 | J21: =C17*J20 -> 0 | K21: =C17*K20 -> 0 | L21: =C17*L20 -> 0 | M21: =C17*M20 -> 0 | N21: Calculated by multiplying the maximum rental income by the % occupancy.
B24: Additional rental or leases
C26: Year zero | D26: Year one | E26: Year two | F26: Year three | G26: Year four | H26: Year five | I26: Year six | J26: Year seven | K26: Year eight | L26: Year nine | M26: Year ten | N26: In addition to the two rental income streams above, a project may have other income through rental or leases, which can be entered here.
B35: Total | C35: =SUM(C27:C34) -> 0 | D35: =SUM(D27:D34) -> 0 | E35: =SUM(E27:E34) -> 0 | F35: =SUM(F27:F34) -> 0 | G35: =SUM(G27:G34) -> 0 | H35: =SUM(H27:H34) -> 0 | I35: =SUM(I27:I34) -> 0 | J35: =SUM(J27:J34) -> 0 | ... M35: =SUM(M27:M34) -> 0

Sheet Grant funding
B2: Grant funding (revenue)
C4: Year zero | D4: Year one | E4: Year two | F4: Year three | G4: Year four | H4: Year five | I4: Year six | J4: Year seven | K4: Year eight | L4: Year nine | M4: Year ten
B5: Other | N5: Grants can include revenue funding from Local or Central Government, non-governmental organisations or independent funding bodies. Search for grants at: the Heritage Funding Directory at http://www.theheritagealliance.org.uk/fundingdirectory/main/search.php
B6: Other
B7: Other
B8: Other
B9: Income | C9: =SUM(C5:C8) -> 0 | D9: =SUM(D5:D8) -> 0 | E9: =SUM(E5:E8) -> 0 | F9: =SUM(F5:F8) -> 0 | G9: =SUM(G5:G8) -> 0 | H9: =SUM(H5:H8) -> 0 | I9: =SUM(I5:I8) -> 0 | J9: =SUM(J5:J8) -> 0 | ... M9: =SUM(M5:M8) -> 0 | N9: Total of all grant income by year

Sheet Donations
B2: Donations
B4: Donations summary
C6: Year zero | D6: Year one | E6: Year two | F6: Year three | G6: Year four | H6: Year five | I6: Year six | J6: Year seven | K6: Year eight | L6: Year nine | M6: Year ten
B7: Friends | C7: =C20 -> 0 | D7: =D20 -> 0 | E7: =E20 -> 0 | F7: =F20 -> 0 | G7: =G20 -> 0 | H7: =H20 -> 0 | I7: =I20 -> 0 | J7: =J20 -> 0 | ... M7: =M20 -> 0 | N7: Information taken from Friends calculator below
B8: Donations from events | C8: =C47 -> 0 | D8: =D47 -> 0 | E8: =E47 -> 0 | F8: =F47 -> 0 | G8: =G47 -> 0 | H8: =H47 -> 0 | I8: =I47 -> 0 | J8: =J47 -> 0 | ... M8: =M47 -> 0 | N8: Information taken from Donations calculator below
B9: Other
B10: Other
B11: Other
B12: Income | C12: =SUM(C7:C10) -> 0 | D12: =SUM(D7:D10) -> 0 | E12: =SUM(E7:E10) -> 0 | F12: =SUM(F7:F10) -> 0 | G12: =SUM(G7:G10) -> 0 | H12: =SUM(H7:H10) -> 0 | I12: =SUM(I7:I10) -> 0 | J12: =SUM(J7:J10) -> 0 | ... M12: =SUM(M7:M10) -> 0
B15: Friends calculator
C17: Year zero | D17: Year one | E17: Year two | F17: Year three | G17: Year four | H17: Year five | I17: Year six | J17: Year seven | K17: Year eight | L17: Year nine | M17: Year ten
B18: Number of friends | N18: Estimated in conjunction with the Friends
B19: Income per friend | N19: Discussed with the Friends
B20: Income | C20: =C18*C19 -> 0 | D20: =D18*D19 -> 0 | E20: =E18*E19 -> 0 | F20: =F18*F19 -> 0 | G20: =G18*G19 -> 0 | H20: =H18*H19 -> 0 | I20: =I18*I19 -> 0 | J20: =J18*J19 -> 0 | ... M20: =M18*M19 -> 0 | N20: Number of friends multiplied by income per friend
B23: Events calculator - voluntary donations/retiring collections
B25: Events | C25: Year zero | D25: Year one | E25: Year two | F25: Year three | G25: Year four | H25: Year five | I25: Year six | J25: Year seven | K25: Year eight | L25: Year nine | M25: Year ten | N25: All information on event names and numbers will feed through automatically from the events sheet. You only need to put in the estimated donations for each type of event.
B26: =Events!B16 -> Ceremonies (marriage, civil partnership, welcoming or renewal of vows) | C26: =Events!C16 -> 0 | D26: =Events!E16 -> 0 | E26: =Events!F16 -> 0 | F26: =Events!G16 -> 0 | G26: =Events!H16 -> 0 | H26: =Events!I16 -> 0 | I26: =Events!J16 -> 0 | J26: =Events!K16 -> 0 | K26: =Events!L16 -> 0 | ... M26: =Events!N16 -> 0
B27: Expected income per event | N27: A wedding is unlikely to attract any voluntary donations.
B28: Subtotal | C28: =C26*C27 -> 0 | D28: =D26*D27 -> 0 | E28: =E26*E27 -> 0 | F28: =F26*F27 -> 0 | G28: =G26*G27 -> 0 | H28: =H26*H27 -> 0 | I28: =I26*I27 -> 0 | J28: =J26*J27 -> 0 | ... M28: =M26*M27 -> 0
B29: =Events!B17 -> Exhibitions | C29: =Events!C17 -> 0 | D29: =Events!E17 -> 0 | E29: =Events!F17 -> 0 | F29: =Events!G17 -> 0 | G29: =Events!H17 -> 0 | H29: =Events!I17 -> 0 | I29: =Events!J17 -> 0 | J29: =Events!K17 -> 0 | K29: =Events!L17 -> 0 | ... M29: =Events!N17 -> 0
B30: Expected income per event | N30: A collection tin will be placed near the exit of exhibitions.
B31: Subtotal | C31: =C29*C30 -> 0 | D31: =D29*D30 -> 0 | E31: =E29*E30 -> 0 | F31: =F29*F30 -> 0 | G31: =G29*G30 -> 0 | H31: =H29*H30 -> 0 | I31: =I29*I30 -> 0 | J31: =J29*J30 -> 0 | ... M31: =M29*M30 -> 0
B32: =Events!B18 -> Functions | C32: =Events!C18 -> 0 | D32: =Events!E18 -> 0 | E32: =Events!F18 -> 0 | F32: =Events!G18 -> 0 | G32: =Events!H18 -> 0 | H32: =Events!I18 -> 0 | I32: =Events!J18 -> 0 | J32: =Events!K18 -> 0 | K32: =Events!L18 -> 0 | ... M32: =Events!N18 -> 0
B33: Expected income per event | N33: Guests at functions will have the opportunity to donate.
B34: Subtotal | C34: =C32*C33 -> 0 | D34: =D32*D33 -> 0 | E34: =E32*E33 -> 0 | F34: =F32*F33 -> 0 | G34: =G32*G33 -> 0 | H34: =H32*H33 -> 0 | I34: =I32*I33 -> 0 | J34: =J32*J33 -> 0 | ... M34: =M32*M33 -> 0
B35: =Events!B19 -> Other | C35: =Events!C19 -> 0 | D35: =Events!E19 -> 0 | E35: =Events!F19 -> 0 | F35: =Events!G19 -> 0 | G35: =Events!H19 -> 0 | H35: =Events!I19 -> 0 | I35: =Events!J19 -> 0 | J35: =Events!K19 -> 0 | K35: =Events!L19 -> 0 | ... M35: =Events!N19 -> 0
B36: Expected income per event
B37: Subtotal | C37: =C35*C36 -> 0 | D37: =D35*D36 -> 0 | E37: =E35*E36 -> 0 | F37: =F35*F36 -> 0 | G37: =G35*G36 -> 0 | H37: =H35*H36 -> 0 | I37: =I35*I36 -> 0 | J37: =J35*J36 -> 0 | ... M37: =M35*M36 -> 0
B38: =Events!B20 -> Other | C38: =Events!C20 -> 0 | D38: =Events!E20 -> 0 | E38: =Events!F20 -> 0 | F38: =Events!G20 -> 0 | G38: =Events!H20 -> 0 | H38: =Events!I20 -> 0 | I38: =Events!J20 -> 0 | J38: =Events!K20 -> 0 | K38: =Events!L20 -> 0 | ... M38: =Events!N20 -> 0
B39: Expected income per event
B40: Subtotal | C40: =C38*C39 -> 0 | D40: =D38*D39 -> 0 | E40: =E38*E39 -> 0 | F40: =F38*F39 -> 0 | G40: =G38*G39 -> 0 | H40: =H38*H39 -> 0 | I40: =I38*I39 -> 0 | J40: =J38*J39 -> 0 | ... M40: =M38*M39 -> 0
B41: =Events!B21 -> Other | C41: =Events!C21 -> 0 | D41: =Events!E21 -> 0 | E41: =Events!F21 -> 0 | F41: =Events!G21 -> 0 | G41: =Events!H21 -> 0 | H41: =Events!I21 -> 0 | I41: =Events!J21 -> 0 | J41: =Events!K21 -> 0 | K41: =Events!L21 -> 0 | ... M41: =Events!N21 -> 0
B42: Expected income per event
B43: Subtotal | C43: =C41*C42 -> 0 | D43: =D41*D42 -> 0 | E43: =E41*E42 -> 0 | F43: =F41*F42 -> 0 | G43: =G41*G42 -> 0 | H43: =H41*H42 -> 0 | I43: =I41*I42 -> 0 | J43: =J41*J42 -> 0 | ... M43: =M41*M42 -> 0
B44: =Events!B22 -> Other | C44: =Events!C22 -> 0 | D44: =Events!E22 -> 0 | E44: =Events!F22 -> 0 | F44: =Events!G22 -> 0 | G44: =Events!H22 -> 0 | H44: =Events!I22 -> 0 | I44: =Events!J22 -> 0 | J44: =Events!K22 -> 0 | K44: =Events!L22 -> 0 | ... M44: =Events!N22 -> 0
B45: Expected income per event
B46: Subtotal | C46: =C44*C45 -> 0 | D46: =D44*D45 -> 0 | E46: =E44*E45 -> 0 | F46: =F44*F45 -> 0 | G46: =G44*G45 -> 0 | H46: =H44*H45 -> 0 | I46: =I44*I45 -> 0 | J46: =J44*J45 -> 0 | ... M46: =M44*M45 -> 0
B47: Total donations from events | C47: =SUM(C28, C31, C34, C37, C40, C43, C46) -> 0 | D47: =SUM(D28, D31, D34, D37, D40, D43, D46) -> 0 | E47: =SUM(E28, E31, E34, E37, E40, E43, E46) -> 0 | F47: =SUM(F28, F31, F34, F37, F40, F43, F46) -> 0 | G47: =SUM(G28, G31, G34, G37, G40, G43, G46) -> 0 | H47: =SUM(H28, H31, H34, H37, H40, H43, H46) -> 0 | I47: =SUM(I28, I31, I34, I37, I40, I43, I46) -> 0 | J47: =SUM(J28, J31, J34, J37, J40, J43, J46) -> 0 | ... M47: =SUM(M28, M31, M34, M37, M40, M43, M46) -> 0

Sheet Gift aid
B2: Gift Aid
C4: Year zero | D4: Year one | E4: Year two | F4: Year three | G4: Year four | H4: Year five | I4: Year six | J4: Year seven | K4: Year eight | L4: Year nine | M4: Year ten | P4: About Gift Aid
B5: Ticket sales | C5: ='Heritage attraction'!C6 -> 0 | D5: ='Heritage attraction'!D6 -> 0 | E5: ='Heritage attraction'!E6 -> 0 | F5: ='Heritage attraction'!F6 -> 0 | G5: ='Heritage attraction'!G6 -> 0 | H5: ='Heritage attraction'!H6 -> 0 | I5: ='Heritage attraction'!I6 -> 0 | J5: ='Heritage attraction'!J6 -> 0 | ... M5: ='Heritage attraction'!M6 -> 0 | N5: Total income taken from 'Visitors' sheet. | P5: Charitable Trusts, including Building Preservation Trusts, can claim back basic rate tax from HM Revenue & Customs (HMRC) on Gift Aid donations. This does not cost the person making the donation any extra. You can also claim back tax deducted from other income such as bank or building society interest or tax deducted from income arising on gifts left to your charity in a will. Gift Aid can be claimed retrospectively no later than four years after the end of the tax year to which the claim relates and taxpayers must give their permission for donations to have Gift Aid claimed on them and must provide their address. Typically charities can claim back up to 25% on Gift Aid donations. More information how to claim gift aid is available at http://www.hmrc.gov.uk/charities/gift_aid/reclaim.htm
B6: % take up of Gift Aid | N6: To estimate this look at the breakdown of types of tickets sold, for example neither pensioners or students are likely to be eligible for Gift Aid, however their ticket sales will be eligible if paid for by a taxpayer. Not all taxpayers will give permission for Gift Aid or bother to provide the necessary details.
B7: Income from Gift Aid | C7: =C5*(C6*0.25) -> 0 | D7: =D5*(D6*0.25) -> 0 | E7: =E5*(E6*0.25) -> 0 | F7: =F5*(F6*0.25) -> 0 | G7: =G5*(G6*0.25) -> 0 | H7: =H5*(H6*0.25) -> 0 | I7: =I5*(I6*0.25) -> 0 | J7: =J5*(J6*0.25) -> 0 | ... M7: =M5*(M6*0.25) -> 0 | N7: Calculated by multiplying the ticket sales by the % agreeing to Gift Aid and then multiplying by 25% (the % that can be reclaimed using Gift Aid)
B8: =Donations!B7 -> Friends | C8: =Donations!C7 -> 0 | D8: =Donations!D7 -> 0 | E8: =Donations!E7 -> 0 | F8: =Donations!F7 -> 0 | G8: =Donations!G7 -> 0 | H8: =Donations!H7 -> 0 | I8: =Donations!I7 -> 0 | ... M8: =Donations!M7 -> 0 | N8: See 'Donations'
B9: % take up of Gift Aid | N9: Gaining permission for Gift Aid from friends should not be a problem, however a substantial proportion of them are likely to be retired.
B10: Income from Gift Aid | C10: =C8*(C9*0.25) -> 0 | D10: =D8*(D9*0.25) -> 0 | E10: =E8*(E9*0.25) -> 0 | F10: =F8*(F9*0.25) -> 0 | G10: =G8*(G9*0.25) -> 0 | H10: =H8*(H9*0.25) -> 0 | I10: =I8*(I9*0.25) -> 0 | J10: =J8*(J9*0.25) -> 0 | ... M10: =M8*(M9*0.25) -> 0
B11: =Donations!B8 -> Donations from events | C11: =Donations!C8 -> 0 | D11: =Donations!D8 -> 0 | E11: =Donations!E8 -> 0 | F11: =Donations!F8 -> 0 | G11: =Donations!G8 -> 0 | H11: =Donations!H8 -> 0 | I11: =Donations!I8 -> 0 | ... M11: =Donations!M8 -> 0 | N11: See 'Donations'
B12: % take up of Gift Aid | N12: Assumed that few people making casual donations, unless they are a large amount, will bother filling out the Gift Aid section on a donation envelope and will just put some coins in the pot.
B13: Income from Gift Aid | C13: =C11*(C12*0.25) -> 0 | D13: =D11*(D12*0.25) -> 0 | E13: =E11*(E12*0.25) -> 0 | F13: =F11*(F12*0.25) -> 0 | G13: =G11*(G12*0.25) -> 0 | H13: =H11*(H12*0.25) -> 0 | I13: =I11*(I12*0.25) -> 0 | J13: =J11*(J12*0.25) -> 0 | ... M13: =M11*(M12*0.25) -> 0
B14: =Donations!B9 -> Other | C14: =Donations!C9 -> 0 | D14: =Donations!D9 -> 0 | E14: =Donations!E9 -> 0 | F14: =Donations!F9 -> 0 | G14: =Donations!G9 -> 0 | H14: =Donations!H9 -> 0 | I14: =Donations!I9 -> 0 | ... M14: =Donations!M9 -> 0 | N14: See 'Donations'
B15: % take up of Gift Aid
B16: Income from Gift Aid | C16: =C14*(C15*0.25) -> 0 | D16: =D14*(D15*0.25) -> 0 | E16: =E14*(E15*0.25) -> 0 | F16: =F14*(F15*0.25) -> 0 | G16: =G14*(G15*0.25) -> 0 | H16: =H14*(H15*0.25) -> 0 | I16: =I14*(I15*0.25) -> 0 | J16: =J14*(J15*0.25) -> 0 | ... M16: =M14*(M15*0.25) -> 0
B17: =Donations!B10 -> Other | C17: =Donations!C10 -> 0 | D17: =Donations!D10 -> 0 | E17: =Donations!E10 -> 0 | F17: =Donations!F10 -> 0 | G17: =Donations!G10 -> 0 | H17: =Donations!H10 -> 0 | I17: =Donations!I10 -> 0 | ... M17: =Donations!M10 -> 0 | N17: See 'Donations'
B18: % take up of Gift Aid
B19: Income from Gift Aid | C19: =C17*(C18*0.25) -> 0 | D19: =D17*(D18*0.25) -> 0 | E19: =E17*(E18*0.25) -> 0 | F19: =F17*(F18*0.25) -> 0 | G19: =G17*(G18*0.25) -> 0 | H19: =H17*(H18*0.25) -> 0 | I19: =I17*(I18*0.25) -> 0 | J19: =J17*(J18*0.25) -> 0 | ... M19: =M17*(M18*0.25) -> 0
B20: =Donations!B11 -> Other | C20: =Donations!C11 -> 0 | D20: =Donations!D11 -> 0 | E20: =Donations!E11 -> 0 | F20: =Donations!F11 -> 0 | G20: =Donations!G11 -> 0 | H20: =Donations!H11 -> 0 | I20: =Donations!I11 -> 0 | ... M20: =Donations!M11 -> 0 | N20: See 'Donations'
B21: % take up of Gift Aid
B22: Income from Gift Aid | C22: =C20*(C21*0.25) -> 0 | D22: =D20*(D21*0.25) -> 0 | E22: =E20*(E21*0.25) -> 0 | F22: =F20*(F21*0.25) -> 0 | G22: =G20*(G21*0.25) -> 0 | H22: =H20*(H21*0.25) -> 0 | I22: =I20*(I21*0.25) -> 0 | J22: =J20*(J21*0.25) -> 0 | ... M22: =M20*(M21*0.25) -> 0
B23: Income | C23: =SUM(C7, C10, C13, C16, C19, C22) -> 0 | D23: =SUM(D7, D10, D13, D16, D19, D22) -> 0 | E23: =SUM(E7, E10, E13, E16, E19, E22) -> 0 | F23: =SUM(F7, F10, F13, F16, F19, F22) -> 0 | G23: =SUM(G7, G10, G13, G16, G19, G22) -> 0 | H23: =SUM(H7, H10, H13, H16, H19, H22) -> 0 | I23: =SUM(I7, I10, I13, I16, I19, I22) -> 0 | J23: =SUM(J7, J10, J13, J16, J19, J22) -> 0 | ... M23: =SUM(M7, M10, M13, M16, M19, M22) -> 0 | N23: Total annual income from Gift Aid

Sheet Heritage attraction
B2: Heritage attraction
C4: Year zero | D4: Year one | E4: Year two | F4: Year three | G4: Year four | H4: Year five | I4: Year six | J4: Year seven | K4: Year eight | L4: Year nine | M4: Year ten
B5: Estimated visitor numbers | N5: Visitor numbers drop as local visitors make fewer repeat visits. Refresh of attraction in year four leads to a spike in visitor numbers, after which the numbers level off.
B6: Income | C6: =C5*D18 -> 0 | D6: =D5*E18 -> 0 | E6: =E5*E18 -> 0 | F6: =F5*E18 -> 0 | G6: =G5*E18 -> 0 | H6: =H5*E18 -> 0 | I6: =I5*E18 -> 0 | J6: =J5*E18 -> 0 | K6: =K5*E18 -> 0 | L6: =L5*E18 -> 0 | M6: =M5*E18 -> 0 | N6: Calculated by multiplying the visitor numbers by the weighted average price per ticket (see below).
B11: Ticket prices
C13: Price | D13: % Visitors | E13: Weighted price | F13: This charges box can be used to calculate the income from the average visitor by multiplying the entrance fee for a visitor category by the % vistors from that category. In this case there are only two categories, but more could be added, provided that the total % visitors does not exceed 100%.
B14: Full price | E14: =C14*D14 -> 0
B15: Concession | E15: =C15*D15 -> 0
B16: Other | E16: =C16*D16 -> 0
B17: Other | E17: =C17*D17 -> 0
B18: Average visitor | E18: =SUM(E14:E17) -> 0

Sheet Café 
B2: Café
C4: Year zero | D4: Year one | E4: Year two | F4: Year three | G4: Year four | H4: Year five | I4: Year six | J4: Year seven | K4: Year eight | L4: Year nine | M4: Year ten
B5: Visitor numbers | C5: ='Heritage attraction'!C5 -> 0 | D5: ='Heritage attraction'!D5 -> 0 | E5: ='Heritage attraction'!E5 -> 0 | F5: ='Heritage attraction'!F5 -> 0 | G5: ='Heritage attraction'!G5 -> 0 | H5: ='Heritage attraction'!H5 -> 0 | I5: ='Heritage attraction'!I5 -> 0 | J5: ='Heritage attraction'!J5 -> 0 | ... M5: ='Heritage attraction'!M5 -> 0 | N5: Taken from 'Visitors' sheet.
B6: % Visitors using café | N6: Market research, competitors locally, take into account alternative places to eat nearby eg. the village pub.
B7: Visitor numbers at the café | C7: =C5*C6 -> 0 | D7: =D5*D6 -> 0 | E7: =E5*E6 -> 0 | F7: =F5*F6 -> 0 | G7: =G5*G6 -> 0 | H7: =H5*H6 -> 0 | I7: =I5*I6 -> 0 | J7: =J5*J6 -> 0 | ... M7: =M5*M6 -> 0 | N7: Calculated by multiplying the number of visitors by the % visiting the café as part of their visit.
B8: Expected margin per head | N8: Estimated through market research and consultation with similar cafés.
B9: Revenue from visitors | C9: =C7*C8 -> 0 | D9: =D7*D8 -> 0 | E9: =E7*E8 -> 0 | F9: =F7*F8 -> 0 | G9: =G7*G8 -> 0 | H9: =H7*H8 -> 0 | I9: =I7*I8 -> 0 | J9: =J7*J8 -> 0 | ... M9: =M7*M8 -> 0 | N9: Visitor numbers at the café multiplied by the expected margin per head.
B10: Tenants on site | N10: Estimated in line with the % occupancy of rental space
B11: % Tenants visiting café | N11: Estimated through surveys with potential tenants and comparison with another local business centre with a café.
B12: Tenants visiting café | C12: =C10*C11 -> 0 | D12: =D10*D11 -> 0 | E12: =E10*E11 -> 0 | F12: =F10*F11 -> 0 | G12: =G10*G11 -> 0 | H12: =H10*H11 -> 0 | I12: =I10*I11 -> 0 | J12: =J10*J11 -> 0 | ... M12: =M10*M11 -> 0 | N12: Calculated by multiplying the number of tenants by the % visiting the café daily.
B13: Working days per year | N13: Calculated at 228 having taken into account annual leave and public holidays.
B14: Expected margin per head (discounted) | N14: A discount has been accounted for to encourage café visits from tenants.
B15: Revenue from tenants | C15: =C12*C13*C14 -> 0 | D15: =D12*D13*D14 -> 0 | E15: =E12*E13*E14 -> 0 | F15: =F12*F13*F14 -> 0 | G15: =G12*G13*G14 -> 0 | H15: =H12*H13*H14 -> 0 | I15: =I12*I13*I14 -> 0 | J15: =J12*J13*J14 -> 0 | ... M15: =M12*M13*M14 -> 0 | N15: Tenant numbers at the café multiplied by the expected margin per head.
B16: Total café revenue | C16: =SUM(C9, C15) -> 0 | D16: =SUM(D9, D15) -> 0 | E16: =SUM(E9, E15) -> 0 | F16: =SUM(F9, F15) -> 0 | G16: =SUM(G9, G15) -> 0 | H16: =SUM(H9, H15) -> 0 | I16: =SUM(I9, I15) -> 0 | J16: =SUM(J9, J15) -> 0 | ... M16: =SUM(M9, M15) -> 0 | N16: Revenue from visitors plus revenue from tenants.
B19: Alternative way to calculate using % of café capacity instead of visitor numbers
B21: Café capacity (covers) | D21: Number of diners that can be eating at the same time.
B22: Margin: breakfast | D22: Average income per meal less direct costs.
B23: Margin: lunch | D23: Average income per meal less direct costs.
B24: Margin: dinner | D24: Average income per meal less direct costs.
C26: Year zero | D26: Year one | E26: Year two | F26: Year three | G26: Year four | H26: Year five | I26: Year six | J26: Year seven | K26: Year eight | L26: Year nine | M26: Year ten
B27: Occupancy - breakfast (%)
B28: Sittings | N28: May be possible to more than one sitting - see note.
B29: Daily income | C29: =C21*C22*C27*C28 -> 0 | D29: =C21*C22*D27*D28 -> 0 | E29: =C21*C22*E27*E28 -> 0 | F29: =C21*C22*F27*F28 -> 0 | G29: =C21*C22*G27*G28 -> 0 | H29: =C21*C22*H27*H28 -> 0 | I29: =C21*C22*I27*I28 -> 0 | J29: =C21*C22*J27*J28 -> 0 | K29: =C21*C22*K27*K28 -> 0 | L29: =C21*C22*L27*L28 -> 0 | M29: =C21*C22*M27*M28 -> 0
B30: Occupancy - lunch (%)
B31: Sittings | N31: May be possible to more than one sitting - see note.
B32: Income | C32: =C24*C25*C30*C31 -> 0 | D32: =C21*C23*D30*D31 -> 0 | E32: =C21*C23*E30*E31 -> 0 | F32: =C21*C23*F30*F31 -> 0 | G32: =C21*C23*G30*G31 -> 0 | H32: =C21*C23*H30*H31 -> 0 | I32: =C21*C23*I30*I31 -> 0 | J32: =C21*C23*J30*J31 -> 0 | K32: =C21*C23*K30*K31 -> 0 | L32: =C21*C23*L30*L31 -> 0 | M32: =C21*C23*M30*M31 -> 0
B33: Occupancy - dinner (%)
B34: Sittings | N34: May be possible to more than one sitting - see note.
B35: Income | C35: =C27*C28*C33*C34 -> 0 | D35: =C21*C24*D33*D34 -> 0 | E35: =C21*C24*E33*E34 -> 0 | F35: =C21*C24*F33*F34 -> 0 | G35: =C21*C24*G33*G34 -> 0 | H35: =C21*C24*H33*H34 -> 0 | I35: =C21*C24*I33*I34 -> 0 | J35: =C21*C24*J33*J34 -> 0 | K35: =C21*C24*K33*K34 -> 0 | L35: =C21*C24*L33*L34 -> 0 | M35: =C21*C24*M33*M34 -> 0
B36: Total daily income | C36: =SUM(C29, C32, C35) -> 0 | D36: =SUM(D29, D32, D35) -> 0 | E36: =SUM(E29, E32, E35) -> 0 | F36: =SUM(F29, F32, F35) -> 0 | G36: =SUM(G29, G32, G35) -> 0 | H36: =SUM(H29, H32, H35) -> 0 | I36: =SUM(I29, I32, I35) -> 0 | J36: =SUM(J29, J32, J35) -> 0 | ... M36: =SUM(M29, M32, M35) -> 0 | N36: Total daily income from breakfast, lunch and dinner.
B37: Days per year | N37: Days that the restaurant/café will be open.
B38: Annual income | C38: =C36*C37 -> 0 | D38: =D36*D37 -> 0 | E38: =E36*E37 -> 0 | F38: =F36*F37 -> 0 | G38: =G36*G37 -> 0 | H38: =H36*H37 -> 0 | I38: =I36*I37 -> 0 | J38: =J36*J37 -> 0 | ... M38: =M36*M37 -> 0 | N38: Daily income multiplied by the days open per year.

Sheet Shop
B2: Shop
C4: Year zero | D4: Year one | E4: Year two | F4: Year three | G4: Year four | H4: Year five | I4: Year six | J4: Year seven | K4: Year eight | L4: Year nine | M4: Year ten | P4: Brook Hall shop
B5: Total visitor numbers | C5: ='Heritage attraction'!C5 -> 0 | D5: ='Heritage attraction'!D5 -> 0 | E5: ='Heritage attraction'!E5 -> 0 | F5: ='Heritage attraction'!F5 -> 0 | G5: ='Heritage attraction'!G5 -> 0 | H5: ='Heritage attraction'!H5 -> 0 | N5: See 'Visitors'. | P5: There will be a small selection of gifts available, including postcards, stationary, products from the workshops (10% of sale to go to the shop) and food products from the Hall (preserves etc). The gift shop will be incorporated into the café, which will encourage people to make purchases.
B6: % Visitors at shop | N6: Percentage of visitors likely to make a purchase at the shop
B7: Visitors to shop | C7: =C5*C6 -> 0 | D7: =D5*D6 -> 0 | E7: =E5*E6 -> 0 | F7: =F5*F6 -> 0 | G7: =G5*G6 -> 0 | H7: =H5*H6 -> 0 | I7: ='Heritage attraction'!I5*I6 -> 0 | J7: ='Heritage attraction'!J5*J6 -> 0 | K7: ='Heritage attraction'!K5*K6 -> 0 | L7: ='Heritage attraction'!L5*L6 -> 0 | M7: ='Heritage attraction'!M5*M6 -> 0 | N7: Total visitor numbers multiplied by the % expected to visit the shop.
B8: Expected margin per head | N8: Estimated through market research of similar gift shops. Margin per head is equal to the total sale less direct costs.
B9: Total income | C9: =C7*C8 -> 0 | D9: =D7*D8 -> 0 | E9: =E7*E8 -> 0 | F9: =F7*F8 -> 0 | G9: =G7*G8 -> 0 | H9: =H7*H8 -> 0 | I9: =I7*I8 -> 0 | J9: =J7*J8 -> 0 | ... M9: =M7*M8 -> 0 | N9: Visitor numbers in the shop multiplied by the margin per head.

Sheet Activities
B2: Activities | E2: Space to insert income from any other revenue generating activities, such as service charges. These will appear as separate lines of income in the financial statements.
C4: Year zero | D4: Year one | E4: Year two | F4: Year three | G4: Year four | H4: Year five | I4: Year six | J4: Year seven | K4: Year eight | L4: Year nine | M4: Year ten
B5: Service charges
B13: Income | C13: =SUM(C5:C10) -> 0 | D13: =SUM(D5:D10) -> 0 | E13: =SUM(E5:E10) -> 0 | F13: =SUM(F5:F10) -> 0 | G13: =SUM(G5:G10) -> 0 | H13: =SUM(H5:H10) -> 0 | I13: =SUM(I5:I10) -> 0 | J13: =SUM(J5:J10) -> 0 | ... M13: =SUM(M5:M10) -> 0

Sheet Events
B2: Events
B4: Event | D4: Year zero | E4: Year one | F4: Year two | G4: Year three | H4: Year four | I4: Year five | J4: Year six | K4: Year seven | L4: Year eight | M4: Year nine | N4: Year ten
B5: =B16 -> Ceremonies (marriage, civil partnership, welcoming or renewal of vows) | D5: =C16*D16 -> 0 | E5: =C16*E16 -> 0 | F5: =C16*F16 -> 0 | G5: =C16*G16 -> 0 | H5: =C16*H16 -> 0 | I5: =C16*I16 -> 0 | J5: =C16*J16 -> 0 | K5: =C16*K16 -> 0 | L5: =C16*L16 -> 0 | M5: =C16*M16 -> 0 | N5: =C16*N16 -> 0 | O5: Number of events per year multiplied by income for each event type.
B6: =B17 -> Exhibitions | D6: =C17*D17 -> 0 | E6: =C17*E17 -> 0 | F6: =C17*F17 -> 0 | G6: =C17*G17 -> 0 | H6: =C17*H17 -> 0 | I6: =C17*I17 -> 0 | J6: =C17*J17 -> 0 | K6: =C17*K17 -> 0 | L6: =C17*L17 -> 0 | M6: =C17*M17 -> 0 | N6: =C17*N17 -> 0
B7: =B18 -> Functions | D7: =C18*D18 -> 0 | E7: =C18*E18 -> 0 | F7: =C18*F18 -> 0 | G7: =C18*G18 -> 0 | H7: =C18*H18 -> 0 | I7: =C18*I18 -> 0 | J7: =C18*J18 -> 0 | K7: =C18*K18 -> 0 | L7: =C18*L18 -> 0 | M7: =C18*M18 -> 0 | N7: =C18*N18 -> 0
B8: =B19 -> Other | D8: =C19*D19 -> 0 | E8: =C19*E19 -> 0 | F8: =C19*F19 -> 0 | G8: =C19*G19 -> 0 | H8: =C19*H19 -> 0 | I8: =C19*I19 -> 0 | J8: =C19*J19 -> 0 | K8: =C19*K19 -> 0 | L8: =C19*L19 -> 0 | M8: =C19*M19 -> 0 | N8: =C19*N19 -> 0
B9: =B20 -> Other | D9: =C20*D20 -> 0 | E9: =C20*E20 -> 0 | F9: =C20*F20 -> 0 | G9: =C20*G20 -> 0 | H9: =C20*H20 -> 0 | I9: =C20*I20 -> 0 | J9: =C20*J20 -> 0 | K9: =C20*K20 -> 0 | L9: =C20*L20 -> 0 | M9: =C20*M20 -> 0 | N9: =C20*N20 -> 0
B10: =B21 -> Other | D10: =C21*D21 -> 0 | E10: =C21*E21 -> 0 | F10: =C21*F21 -> 0 | G10: =C21*G21 -> 0 | H10: =C21*H21 -> 0 | I10: =C21*I21 -> 0 | J10: =C21*J21 -> 0 | K10: =C21*K21 -> 0 | L10: =C21*L21 -> 0 | M10: =C21*M21 -> 0 | N10: =C21*N21 -> 0
B11: =B22 -> Other | D11: =C22*D22 -> 0 | E11: =C22*E22 -> 0 | F11: =C22*F22 -> 0 | G11: =C22*G22 -> 0 | H11: =C22*H22 -> 0 | I11: =C22*I22 -> 0 | J11: =C22*J22 -> 0 | K11: =C22*K22 -> 0 | L11: =C22*L22 -> 0 | M11: =C22*M22 -> 0 | N11: =C22*N22 -> 0
B12: Income | D12: =SUM(D5:D11) -> 0 | E12: =SUM(E5:E11) -> 0 | F12: =SUM(F5:F11) -> 0 | G12: =SUM(G5:G11) -> 0 | H12: =SUM(H5:H11) -> 0 | I12: =SUM(I5:I11) -> 0 | J12: =SUM(J5:J11) -> 0 | K12: =SUM(K5:K11) -> 0 | ... N12: =SUM(N5:N11) -> 0
B15: Events | C15: Income per event | D15: Year zero | E15: Year one | F15: Year two | G15: Year three | H15: Year four | I15: Year five | J15: Year six | K15: Year seven | L15: Year eight | M15: Year nine | N15: Year ten
B16: Ceremonies (marriage, civil partnership, welcoming or renewal of vows) | O16: Brook Hall offers it's lower floor and gardens for wedding receptions. Fees do not include catering or ceremonies and have been based on comparable rates at local castles and stately homes.
B17: Exhibitions
B18: Functions
B19: Other
B20: Other
B21: Other
B22: Other

Sheet Overheads
B2: Overheads
B4: Item | C4: Year zero | D4: Year one | E4: Year two | F4: Year three | G4: Year four | H4: Year five | I4: Year six | J4: Year seven | K4: Year eight | L4: Year nine | M4: Year ten
B5: Utilities
B6: Insurance
B7: Publicity
B8: IT
B9: Legal and audit
B10: Website
B11: Maintenance of building and gardens
B12: Volunteer costs
B13: Site services
B14: Admin
B15: Petrol
B16: Vehicle maintenance
... B19: Other
B20: TOTAL | C20: =SUM(C5:C19) -> 0 | D20: =SUM(D5:D19) -> 0 | E20: =SUM(E5:E19) -> 0 | F20: =SUM(F5:F19) -> 0 | G20: =SUM(G5:G19) -> 0 | H20: =SUM(H5:H19) -> 0 | I20: =SUM(I5:I19) -> 0 | J20: =SUM(J5:J19) -> 0 | ... M20: =SUM(M5:M19) -> 0

Sheet Staff expenditure
B2: Staff expenditure
C4: Year zero | D4: Year one | E4: Year two | F4: Year three | G4: Year four | H4: Year five | I4: Year six | J4: Year seven | K4: Year eight | L4: Year nine | M4: Year ten | N4: Comments
B5: Salaried staff
B6: Hall manager | N6: Managing lettings, event bookings, tour booking, publicity, monitoring, evaluation and finance. Line manage Café manager, care taker, head gardener, education officer and receptionist.
B7: Events manager | N7: Taking on the management of event bookings, offering a fuller events planning service and promoting Brook Hall as a venue.
B8: Cook/café manager | N8: Devise menus, prepare meals, order supplies, deal with customers and manage the café assistant.
B9: Café assistant | N9: Introduced once café has a greater number of visitors, intially on a part time basis.
B10: Education officer | N10: Intially funded through HLF then funded from surplus. Design and run visitor activities and manage volunteers.
B11: Receptionist | N11: Ticket sales and admin support.
B12: Caretaker | N12: Ongoing maintenance and repair work in addition to organising more specilist contractors to come in for periodic care of special collections/features.
B13: Head gardener | N13: Manage the historic gardens and work with garden volunteers. Employed from half way through year 0.
B19: Salary total | C19: =SUM(C6:C13) -> 0 | D19: =SUM(D6:D13) -> 0 | E19: =SUM(E6:E13) -> 0 | F19: =SUM(F6:F13) -> 0 | G19: =SUM(G6:G13) -> 0 | H19: =SUM(H6:H13) -> 0 | I19: =SUM(I6:I13) -> 0 | J19: =SUM(J6:J13) -> 0 | ... M19: =SUM(M6:M13) -> 0 | N19: Total salary costs
B21: Additional staff costs
B22: National insurance contributions estimate | N22: See the HMRC calculator at http://www.hmrc.gov.uk/calcs/nice.htm
B23: Pension contributions | D23: =D19*P23 -> 0 | E23: =E19*P23 -> 0 | F23: =F19*P23 -> 0 | G23: =G19*P23 -> 0 | H23: =H19*P23 -> 0 | I23: =I19*P23 -> 0 | J23: =J19*P23 -> 0 | K23: =K19*P23 -> 0 | L23: =L19*P23 -> 0 | M23: =M19*P23 -> 0 | N23: Employer pension contributions as a percentage of salary costs | O23: % employer contribution | P23: 0.08
B24: Expenses | D24: =D19*P24 -> 0 | E24: =E19*P24 -> 0 | F24: =F19*P24 -> 0 | G24: =G19*P24 -> 0 | H24: =H19*P24 -> 0 | I24: =I19*P24 -> 0 | J24: =J19*P24 -> 0 | K24: =K19*P24 -> 0 | L24: =L19*P24 -> 0 | M24: =M19*P24 -> 0 | N24: Including travel, hotels and subsistance. Estimated at 5% salary costs based on similar organisations. | O24: Expenses as a percentage of salary costs | P24: 0.05
B25: Other
B26: Other
B27: Other
B28: Salaried staff total | C28: =SUM(C19, C22, C24) -> 0 | D28: =SUM(D19, D22, D24) -> 0 | E28: =SUM(E19, E22, E24) -> 0 | F28: =SUM(F19, F22, F24) -> 0 | G28: =SUM(G19, G22, G24) -> 0 | H28: =SUM(H19, H22, H24) -> 0 | I28: =SUM(I19, I22, I24) -> 0 | J28: =SUM(J19, J22, J24) -> 0 | ... M28: =SUM(M19, M22, M24) -> 0
B30: Agency/casual staff
B31: Cleaner | N31: 15 hours of cleaning time per week . Employed from outside agency.
B32: Events | N32: Temporary staff to help at events.
B36: Agency/casual staff total | C36: =SUM(C31:C32) -> 0 | D36: =SUM(D31:D32) -> 0 | E36: =SUM(E31:E32) -> 0 | F36: =SUM(F31:F32) -> 0 | G36: =SUM(G31:G32) -> 0 | H36: =SUM(H31:H32) -> 0 | I36: =SUM(I31:I32) -> 0 | J36: =SUM(J31:J32) -> 0 | ... M36: =SUM(M31:M32) -> 0 | N36: Total costs relating to agency/casual staff
B38: Staff total | C38: =SUM(C28, C36) -> 0 | D38: =SUM(D28, D36) -> 0 | E38: =SUM(E28, E36) -> 0 | F38: =SUM(F28, F36) -> 0 | G38: =SUM(G28, G36) -> 0 | H38: =SUM(H28, H36) -> 0 | I38: =SUM(I28, I36) -> 0 | J38: =SUM(J28, J36) -> 0 | ... M38: =SUM(M28, M36) -> 0 | N38: Total staff costs

Sheet Finance costs
B2: Finance costs
B4: Summary table
C6: Year zero | D6: Year one | E6: Year two | F6: Year three | G6: Year four | H6: Year five | I6: Year six | J6: Year seven | K6: Year eight | L6: Year nine | M6: Year ten
B7: Bank charges (£000)
B8: ='Capital income'!B36 -> AHF | C8: =G30 -> 0 | D8: =G31 -> 0 | E8: =G32 -> 0 | F8: =G33 -> 0 | G8: =G34 -> 0 | H8: =G35 -> 0 | I8: =G36 -> 0 | J8: =G37 -> 0 | K8: =G38 -> 0 | L8: =G39 -> 0 | M8: =G40 -> 0
B9: ='Capital income'!B37 -> Bank loan | C9: =G46 -> 0 | D9: =G47 -> 0 | E9: =G48 -> 0 | F9: =G49 -> 0 | G9: =G50 -> 0 | H9: =G51 -> 0 | I9: =G52 -> 0 | J9: =G53 -> 0 | K9: =G54 -> 0 | L9: =G55 -> 0 | M9: =G56 -> 0
B13: Total finance costs | C13: =SUM(C7:C12)*1000 -> 0 | D13: =SUM(D7:D12)*1000 -> 0 | E13: =SUM(E7:E12)*1000 -> 0 | F13: =SUM(F7:F12)*1000 -> 0 | G13: =SUM(G7:G12)*1000 -> 0 | H13: =SUM(H7:H12)*1000 -> 0 | I13: =SUM(I7:I12)*1000 -> 0 | J13: =SUM(J7:J12)*1000 -> 0 | ... M13: =SUM(M7:M12)*1000 -> 0
B16: Calculation of loan repayments
C18: Loan one | D18: Loan two
B19: Source | C19: ='Capital income'!B36 -> AHF | D19: ='Capital income'!B37 -> Bank loan | E19: Who the loan is from - see 'Capital income'.
B20: Loan amount | C20: ='Capital income'!D36 -> 0 | D20: ='Capital income'!D37 -> 0 | E20: Amount to be borrowed - see 'Capital income'.
B21: Repayment period | C21: 3 | D21: 6 | E21: Number of years over which loan is to be paid.
B22: Annual repayment | C22: =IF(C20=0,0, (C20/C21)) -> 0 | D22: =IF(D20=0,0, (D20/D21)) -> 0 | E22: Total loan amount divided by the repayment period.
B23: Interest | C23: ='Capital income'!C36 -> 0.05 | D23: ='Capital income'!C37 -> 0.04 | E23: Interest rate on the loan.
B26: Loan one
C28: Amount owed | D28: Cost of borrowing the money for that year | F28: Payment against amount borrowed | G28: Principal + interest | H28: Amount owed at the end of year
B29: Year | C29: Liability | D29: Interest for the year | E29: Years remaining | F29: Principal paid | G29: Total payment | H29: Remaining liability
B30: 0 | C30: =C20 -> 0 | D30: =C30*C23 -> 0 | E30: =C21*1 -> 3 | F30: =IF(C30=0,0,C30/E30) -> 0 | G30: =SUM(D30,F30) -> 0 | H30: =(C30-F30) -> 0
B31: 1 | C31: =H30 -> 0 | D31: =C31*C23 -> 0 | E31: =IF(C21=0,0,C21*(1/C21)*(C21-1)) -> 2 | F31: =IF(C31=0,0,C31/E31) -> 0 | G31: =SUM(D31,F31) -> 0 | H31: =(C31-F31) -> 0
B32: 2 | C32: =H31 -> 0 | D32: =C32*C23 -> 0 | E32: =IF(C21=0,0,C21*(1/C21)*(C21-2)) -> 1 | F32: =IF(C32=0,0,C32/E32) -> 0 | G32: =SUM(D32,F32) -> 0 | H32: =(C32-F32) -> 0
B33: 3 | C33: =H32 -> 0 | D33: =C33*C23 -> 0 | E33: =IF(C21=0,0,C21*(1/C21)*(C21-3)) -> 0 | F33: =IF(C33=0,0,C33/E33) -> 0 | G33: =SUM(D33,F33) -> 0 | H33: =(C33-F33) -> 0
B34: 4 | C34: =H33 -> 0 | D34: =C34*C23 -> 0 | E34: =IF(C21=0,0,C21*(1/C21)*(C21-4)) -> -1 | F34: =IF(C34=0,0,C34/E34) -> 0 | G34: =SUM(D34,F34) -> 0 | H34: =(C34-F34) -> 0
B35: 5 | C35: =H34 -> 0 | D35: =C35*C23 -> 0 | E35: =IF(C21=0,0,C21*(1/C21)*(C21-5)) -> -2 | F35: =IF(C35=0,0,C35/E35) -> 0 | G35: =SUM(D35,F35) -> 0 | H35: =(C35-F35) -> 0
B36: 6 | C36: =H35 -> 0 | D36: =C36*C23 -> 0 | E36: =IF(C21=0,0,C21*(1/C21)*(C21-6)) -> -3 | F36: =IF(C36=0,0,C36/E36) -> 0 | G36: =SUM(D36,F36) -> 0 | H36: =(C36-F36) -> 0
B37: 7 | C37: =H36 -> 0 | D37: =C37*C23 -> 0 | E37: =IF(C21=0,0,C21*(1/C21)*(C21-7)) -> -4 | F37: =IF(C37=0,0,C37/E37) -> 0 | G37: =SUM(D37,F37) -> 0 | H37: =(C37-F37) -> 0
B38: 8 | C38: =H37 -> 0 | D38: =C38*C23 -> 0 | E38: =IF(C21=0,0,C21*(1/C21)*(C21-8)) -> -5 | F38: =IF(C38=0,0,C38/E38) -> 0 | G38: =SUM(D38,F38) -> 0 | H38: =(C38-F38) -> 0
B39: 9 | C39: =H38 -> 0 | D39: =C39*C23 -> 0 | E39: =IF(C21=0,0,(C21*(1/C21)*(C21-9))) -> -6 | F39: =IF(C39=0,0,C39/E39) -> 0 | G39: =SUM(D39,F39) -> 0 | H39: =(C39-F39) -> 0
B40: 10 | C40: =H39 -> 0 | D40: =C40*C23 -> 0 | E40: =IF(C21=0,0,(C21*(1/C21)*(C21-10))) -> -7 | F40: =IF(C40=0,0,C40/E40) -> 0 | G40: =SUM(D40,F40) -> 0 | H40: =(C40-F40) -> 0
B43: Loan two
B45: Year | C45: Liability | D45: Interest for the year | E45: Years remaining | F45: Principal paid | G45: Total payment | H45: Remaining liability
B46: 0 | C46: =D20 -> 0 | D46: =C46*D23 -> 0 | E46: =D21*1 -> 6 | F46: =IF(C46=0,0,C46/E46) -> 0 | G46: =SUM(D46,F46) -> 0 | H46: =(C46-F46) -> 0
B47: 1 | C47: =H46 -> 0 | D47: =C47*D23 -> 0 | E47: =IF(D21=0,0,D21*(1/D21)*(D21-1)) -> 5 | F47: =IF(C47=0,0,C47/E47) -> 0 | G47: =SUM(D47,F47) -> 0 | H47: =(C47-F47) -> 0
B48: 2 | C48: =H47 -> 0 | D48: =C48*D23 -> 0 | E48: =IF(D21=0,0,D21*(1/D21)*(D21-2)) -> 4 | F48: =IF(C48=0,0,C48/E48) -> 0 | G48: =SUM(D48,F48) -> 0 | H48: =(C48-F48) -> 0
B49: 3 | C49: =H48 -> 0 | D49: =C49*D23 -> 0 | E49: =IF(D21=0,0,D21*(1/D21)*(D21-3)) -> 3 | F49: =IF(C49=0,0,C49/E49) -> 0 | G49: =SUM(D49,F49) -> 0 | H49: =(C49-F49) -> 0
B50: 4 | C50: =H49 -> 0 | D50: =C50*D23 -> 0 | E50: =IF(D21=0,0,D21*(1/D21)*(D21-4)) -> 2 | F50: =IF(C50=0,0,C50/E50) -> 0 | G50: =SUM(D50,F50) -> 0 | H50: =(C50-F50) -> 0
B51: 5 | C51: =H50 -> 0 | D51: =C51*D23 -> 0 | E51: =IF(D21=0,0,D21*(1/D21)*(D21-5)) -> 1 | F51: =IF(C51=0,0,C51/E51) -> 0 | G51: =SUM(D51,F51) -> 0 | H51: =(C51-F51) -> 0
B52: 6 | C52: =H51 -> 0 | D52: =C52*D23 -> 0 | E52: =IF(D21=0,0,D21*(1/D21)*(D21-6)) -> 0 | F52: =IF(C52=0,0,C52/E52) -> 0 | G52: =SUM(D52,F52) -> 0 | H52: =(C52-F52) -> 0
B53: 7 | C53: =H52 -> 0 | D53: =C53*D23 -> 0 | E53: =IF(D21=0,0,D21*(1/D21)*(D21-7)) -> -1 | F53: =IF(C53=0,0,C53/E53) -> 0 | G53: =SUM(D53,F53) -> 0 | H53: =(C53-F53) -> 0
B54: 8 | C54: =H53 -> 0 | D54: =C54*D23 -> 0 | E54: =IF(D21=0,0,D21*(1/D21)*(D21-8)) -> -2 | F54: =IF(C54=0,0,C54/E54) -> 0 | G54: =SUM(D54,F54) -> 0 | H54: =(C54-F54) -> 0
B55: 9 | C55: =H54 -> 0 | D55: =C55*D23 -> 0 | E55: =IF(D21=0,0,D21*(1/D21)*(D21-9)) -> -3 | F55: =IF(C55=0,0,C55/E55) -> 0 | G55: =SUM(D55,F55) -> 0 | H55: =(C55-F55) -> 0
B56: 10 | C56: =H55 -> 0 | D56: =C56*D24 -> 0 | E56: =IF(D21=0,0,D21*(1/D21)*(D12-9)) -> -9 | F56: =IF(C56=0,0,C56/E56) -> 0 | G56: =SUM(D56,F56) -> 0 | H56: =(C56-F56) -> 0

Sheet Sheet2
